Workbook

Sheet Declarações IVA - Trimestral
B2: Nome da Empresa: | I2: Nome da Empresa:
B3: Exercicio: | D3: Tipo de Declarações: | F3: Trimestrais | I3: Exercicio: | K3: Tipo de Declarações: | M3: Trimestrais
B5: Nota Importante: Preencher somente o cabeçalho e as células em branco e vazias do quadro abaixo. | I5: Nota Importante: Preencher somente o cabeçalho e as células em branco e vazias do quadro abaixo.
B8: Declarações Periódicas de IVA Trimestral do Exercicio em análise | I8: Anexo R às Declarações Periódicas de IVA Trimestral do Exercicio em análise
C9: 1º Trimestre | D9: 2º Trimestre | E9: 3º Trimestre | F9: 4º Trimestre | G9: TOTAIS | J9: 1º Trimestre | K9: 2º Trimestre | L9: 3º Trimestre | M9: 4º Trimestre | N9: TOTAIS
B10: Campo 1 | G10: =IF(SUM(C10:F10)>0,SUM(C10:F10),"") | I10: Campo 1 | N10: =IF(SUM(J10:M10)>0,SUM(J10:M10),"")
B11: Campo 2 | G11: =IF(SUM(C11:F11)>0,SUM(C11:F11),"") | I11: Campo 2 | N11: =IF(SUM(J11:M11)>0,SUM(J11:M11),"")
B12: Campo 3 | G12: =IF(SUM(C12:F12)>0,SUM(C12:F12),"") | I12: Campo 3 | N12: =IF(SUM(J12:M12)>0,SUM(J12:M12),"")
B13: Campo 4 | G13: =IF(SUM(C13:F13)>0,SUM(C13:F13),"") | I13: Campo 4 | N13: =IF(SUM(J13:M13)>0,SUM(J13:M13),"")
B14: Campo 5 | G14: =IF(SUM(C14:F14)>0,SUM(C14:F14),"") | I14: Campo 5 | N14: =IF(SUM(J14:M14)>0,SUM(J14:M14),"")
B15: Campo 6 | G15: =IF(SUM(C15:F15)>0,SUM(C15:F15),"") | I15: Campo 6 | N15: =IF(SUM(J15:M15)>0,SUM(J15:M15),"")
B16: Campo 8 | G16: =IF(SUM(C16:F16)>0,SUM(C16:F16),"") | I16: Campo 8 | N16: =IF(SUM(J16:M16)>0,SUM(J16:M16),"")
B17: Campo 8 (Inversão C.Civil) | G17: =IF(SUM(C17:F17)>0,SUM(C17:F17),"") | I17: Campo 8 (Inversão C.Civil) | N17: =IF(SUM(J17:M17)>0,SUM(J17:M17),"")
B18: Campo 8 (Inversão Sucatas) | G18: =IF(SUM(C18:F18)>0,SUM(C18:F18),"") | I18: Campo 8 (Inversão Sucatas) | N18: =IF(SUM(J18:M18)>0,SUM(J18:M18),"")
B19: Campo 9 | G19: =IF(SUM(C19:F19)>0,SUM(C19:F19),"") | I19: Campo 9 | N19: =IF(SUM(J19:M19)>0,SUM(J19:M19),"")
B20: Campo 10 | G20: =IF(SUM(C20:F20)>0,SUM(C20:F20),"") | I20: Campo 10 | N20: =IF(SUM(J20:M20)>0,SUM(J20:M20),"")
B21: Campo 11 | G21: =IF(SUM(C21:F21)>0,SUM(C21:F21),"") | I21: Campo 11 | N21: =IF(SUM(J21:M21)>0,SUM(J21:M21),"")
... B26: Campo 24 | G26: =IF(SUM(C26:F26)>0,SUM(C26:F26),"") | I26: Campo 24 | N26: =IF(SUM(J26:M26)>0,SUM(J26:M26),"")
B27: Campo 40 | G27: =IF(SUM(C27:F27)>0,SUM(C27:F27),"") | I27: Campo 62 | J27: =IF(SUM(J10,J12,J14,J16:J20)>0,SUM(J10,J12,J14,J16:J20),"") | K27: =IF(SUM(K10,K12,K14,K16:K20)>0,SUM(K10,K12,K14,K16:K20),"") | L27: =IF(SUM(L10,L12,L14,L16:L20)>0,SUM(L10,L12,L14,L16:L20),"") | M27: =IF(SUM(M10,M12,M14,M16:M20)>0,SUM(M10,M12,M14,M16:M20),"") | N27: =IF(SUM(J27:M27)>0,SUM(J27:M27),"")
B28: Campo 41 | G28: =IF(SUM(C28:F28)>0,SUM(C28:F28),"") | I28: Campo 63 | J28: =IF(SUM(J22:J26)>0,SUM(J22:J26),"") | K28: =IF(SUM(K22:K26)>0,SUM(K22:K26),"") | L28: =IF(SUM(L22:L26)>0,SUM(L22:L26),"") | M28: =IF(SUM(M22:M26)>0,SUM(M22:M26),"") | N28: =IF(SUM(J28:M28)>0,SUM(J28:M28),"")
B29: Campo 61 | G29: =IF(SUM(C29:F29)>0,SUM(C29:F29),"") | I29: Campo 64 | J29: =IF(SUM(J11,J13,J15,J21)>0,SUM(J11,J13,J15,J21),"") | K29: =IF(SUM(K11,K13,K15,K21)>0,SUM(K11,K13,K15,K21),"") | L29: =IF(SUM(L11,L13,L15,L21)>0,SUM(L11,L13,L15,L21),"") | M29: =IF(SUM(M11,M13,M15,M21)>0,SUM(M11,M13,M15,M21),"") | N29: =IF(SUM(J29:M29)>0,SUM(J29:M29),"")
B30: Campo 81 | G30: =IF(SUM(C30:F30)>0,SUM(C30:F30),"")
B31: Campo 65 | C31: =IF(SUM(J28)>0,SUM(J28),"") | D31: =IF(SUM(K28)>0,SUM(K28),"") | E31: =IF(SUM(L28)>0,SUM(L28),"") | F31: =IF(SUM(M28)>0,SUM(M28),"") | G31: =IF(SUM(C31:F31)>0,SUM(C31:F31),"")
B32: Campo 66 | C32: =IF(SUM(J29)>0,SUM(J29),"") | D32: =IF(SUM(K29)>0,SUM(K29),"") | E32: =IF(SUM(L29)>0,SUM(L29),"") | F32: =IF(SUM(M29)>0,SUM(M29),"") | G32: =IF(SUM(C32:F32)>0,SUM(C32:F32),"")
B33: Campo 67 | G33: =IF(SUM(C33:F33)>0,SUM(C33:F33),"")
B34: Campo 68 | G34: =IF(SUM(C34:F34)>0,SUM(C34:F34),"")
B35: Campo 90 | C35: =IF(SUM(C10,C12,C14,C16:C20)>0,SUM(C10,C12,C14,C16:C20),"") | D35: =IF(SUM(D10,D12,D14,D16:D20)>0,SUM(D10,D12,D14,D16:D20),"") | E35: =IF(SUM(E10,E12,E14,E16:E20)>0,SUM(E10,E12,E14,E16:E20),"") | F35: =IF(SUM(F10,F12,F14,F16:F20)>0,SUM(F10,F12,F14,F16:F20),"") | G35: =IF(SUM(C35:F35)>0,SUM(C35:F35),"")
B36: Campo 91 | C36: =IF(SUM(C22,C23,C24,C25,C26,C27,C29,C31,C33,C30)>0,SUM(C22,C23,C24,C25,C26,C27,C29,C31,C33,C30),"") | D36: =IF(SUM(D22,D23,D24,D25,D26,D27,D29,D31,D33,D30)>0,SUM(D22,D23,D24,D25,D26,D27,D29,D31,D33,D30),"") | E36: =IF(SUM(E22,E23,E24,E25,E26,E27,E29,E31,E33,E30)>0,SUM(E22,E23,E24,E25,E26,E27,E29,E31,E33,E30),"") | F36: =IF(SUM(F22,F23,F24,F25,F26,F27,F29,F31,F33,F30)>0,SUM(F22,F23,F24,F25,F26,F27,F29,F31,F33,F30),"") | G36: =IF(SUM(C36:F36)>0,SUM(C36:F36),"")
B37: Campo 92 | C37: =IF(SUM(C11,C13,C15,C21,C28,C32,C34)>0,SUM(C11,C13,C15,C21,C28,C32,C34),"") | D37: =IF(SUM(D11,D13,D15,D21,D28,D32,D34)>0,SUM(D11,D13,D15,D21,D28,D32,D34),"") | E37: =IF(SUM(E11,E13,E15,E21,E28,E32,E34)>0,SUM(E11,E13,E15,E21,E28,E32,E34),"") | F37: =IF(SUM(F11,F13,F15,F21,F28,F32,F34)>0,SUM(F11,F13,F15,F21,F28,F32,F34),"") | G37: =IF(SUM(C37:F37)>0,SUM(C37:F37),"")
B38: Campo 93 | C38: =IF(SUM(C37)-SUM(C36)>0,SUM(C37)-SUM(C36),"") | D38: =IF(SUM(D37)-SUM(D36)>0,SUM(D37)-SUM(D36),"") | E38: =IF(SUM(E37)-SUM(E36)>0,SUM(E37)-SUM(E36),"") | F38: =IF(SUM(F37)-SUM(F36)>0,SUM(F37)-SUM(F36),"") | G38: =IF(SUM(C38:F38)>0,SUM(C38:F38),"")
B39: Campo 94 | C39: =IF(SUM(C36)-SUM(C37)>0,SUM(C36)-SUM(C37),"") | D39: =IF(SUM(D36)-SUM(D37)>0,SUM(D36)-SUM(D37),"") | E39: =IF(SUM(E36)-SUM(E37)>0,SUM(E36)-SUM(E37),"") | F39: =IF(SUM(F36)-SUM(F37)>0,SUM(F36)-SUM(F37),"") | G39: =IF(SUM(C39:F39)>0,SUM(C39:F39),"")

Sheet Cálculos Auxiliares
B2: Quadros de Cálculos Auxiliares para o Anexo L da IES | M2: Quadros de Cálculos Auxiliares para o Anexo L da IES
B4: Nota Importante: Preencher somente as células vazias e em branco dos quadros abaixo | M4: Nota Importante: Preencher somente as células vazias e em branco dos quadros
B6: EXISTÊNCIAS - Dados para o Quadro 4 e 6 do Anexo L - IVA TRIMESTRAL | M6: EXISTÊNCIAS - Dados para o Quadro 4 e 6 do Anexo L - IVA MENSAL
E7: Taxa 5% | F7: BASE | G7: Taxa 12% | H7: BASE | I7: Taxa 20% e 21% | J7: BASE | O7: Taxa 5% | P7: BASE | Q7: Taxa 12% | R7: BASE | S7: Taxa 20% e 21% | T7: BASE
B8: Valores do extracto de contrabilidade referentes às subcontas da 24321... - IVA Dedutivel Existências | D8: 1º Trimestre | F8: =IF(E8>0,E8/0.05,"") | H8: =IF(G8>0,G8/0.12,"") | J8: =IF(I8>0,I8/0.21,"") | M8: Valores do extracto de contrabilidade referentes às subcontas da 24321... - IVA Dedutivel Existências | N8: Janeiro | P8: =IF(O8>0,O8/0.05,"") | R8: =IF(Q8>0,Q8/0.12,"") | T8: =IF(S8>0,S8/0.21,"")
D9: 2º Trimestre | F9: =IF(E9>0,E9/0.05,"") | H9: =IF(G9>0,G9/0.12,"") | J9: =IF(I9>0,I9/0.21,"") | N9: Fevereiro | P9: =IF(O9>0,O9/0.05,"") | R9: =IF(Q9>0,Q9/0.12,"") | T9: =IF(S9>0,S9/0.21,"")
D10: 3º Trimestre | F10: =IF(E10>0,E10/0.05,"") | H10: =IF(G10>0,G10/0.12,"") | J10: =IF(I10>0,I10/0.2,"") | N10: Março | P10: =IF(O10>0,O10/0.05,"") | R10: =IF(Q10>0,Q10/0.12,"") | T10: =IF(S10>0,S10/0.21,"")
D11: 4º Trimestre | F11: =IF(E11>0,E11/0.05,"") | H11: =IF(G11>0,G11/0.12,"") | J11: =IF(I11>0,I11/0.2,"") | N11: Abril | P11: =IF(O11>0,O11/0.05,"") | R11: =IF(Q11>0,Q11/0.12,"") | T11: =IF(S11>0,S11/0.21,"")
B12: TOTAIS | E12: =IF(SUM(E8:E11)>0,SUM(E8:E11),"") | F12: =IF(SUM(F8:F11)>0,SUM(F8:F11),"") | G12: =IF(SUM(G8:G11)>0,SUM(G8:G11),"") | H12: =IF(SUM(H8:H11)>0,SUM(H8:H11),"") | I12: =IF(SUM(I8:I11)>0,SUM(I8:I11),"") | J12: =IF(SUM(J8:J11)>0,SUM(J8:J11),"") | N12: Maio | P12: =IF(O12>0,O12/0.05,"") | R12: =IF(Q12>0,Q12/0.12,"") | T12: =IF(S12>0,S12/0.21,"")
N13: Junho | P13: =IF(O13>0,O13/0.05,"") | R13: =IF(Q13>0,Q13/0.12,"") | T13: =IF(S13>0,S13/0.21,"")
N14: Julho | P14: =IF(O14>0,O14/0.05,"") | R14: =IF(Q14>0,Q14/0.12,"") | T14: =IF(S14>0,S14/0.2,"")
B15: IMOBILIZADO - Dados para o Quadro 4 e 6 do Anexo L - IVA TRIMESTRAL | N15: Agosto | P15: =IF(O15>0,O15/0.05,"") | R15: =IF(Q15>0,Q15/0.12,"") | T15: =IF(S15>0,S15/0.2,"")
E16: Taxa 5% | F16: BASE | G16: Taxa 12% | H16: BASE | I16: Taxa 20% e 21% | J16: BASE | N16: Setembro | P16: =IF(O16>0,O16/0.05,"") | R16: =IF(Q16>0,Q16/0.12,"") | T16: =IF(S16>0,S16/0.2,"")
B17: Valores do extracto de contrabilidade referentes às subcontas da 24322... - IVA Dedutivel Imobilizado | D17: 1º Trimestre | F17: =IF(E17>0,E17/0.05,"") | H17: =IF(G17>0,G17/0.12,"") | J17: =IF(I17>0,I17/0.21,"") | N17: Outubro | P17: =IF(O17>0,O17/0.05,"") | R17: =IF(Q17>0,Q17/0.12,"") | T17: =IF(S17>0,S17/0.2,"")
D18: 2º Trimestre | F18: =IF(E18>0,E18/0.05,"") | H18: =IF(G18>0,G18/0.12,"") | J18: =IF(I18>0,I18/0.21,"") | N18: Novembro | P18: =IF(O18>0,O18/0.05,"") | R18: =IF(Q18>0,Q18/0.12,"") | T18: =IF(S18>0,S18/0.2,"")
D19: 3º Trimestre | F19: =IF(E19>0,E19/0.05,"") | H19: =IF(G19>0,G19/0.12,"") | J19: =IF(I19>0,I19/0.2,"") | N19: Dezembro | P19: =IF(O19>0,O19/0.05,"") | R19: =IF(Q19>0,Q19/0.12,"") | T19: =IF(S19>0,S19/0.2,"")
D20: 4º Trimestre | F20: =IF(E20>0,E20/0.05,"") | H20: =IF(G20>0,G20/0.12,"") | J20: =IF(I20>0,I20/0.2,"") | M20: TOTAIS | O20: =IF(SUM(O8:O19)>0,SUM(O8:O19),"") | P20: =IF(SUM(P8:P19)>0,SUM(P8:P19),"") | Q20: =IF(SUM(Q8:Q19)>0,SUM(Q8:Q19),"") | R20: =IF(SUM(R8:R19)>0,SUM(R8:R19),"") | S20: =IF(SUM(S8:S19)>0,SUM(S8:S19),"") | T20: =IF(SUM(T8:T19)>0,SUM(T8:T19),"")
B21: TOTAIS | E21: =IF(SUM(E17:E20)>0,SUM(E17:E20),"") | F21: =IF(SUM(F17:F20)>0,SUM(F17:F20),"") | G21: =IF(SUM(G17:G20)>0,SUM(G17:G20),"") | H21: =IF(SUM(H17:H20)>0,SUM(H17:H20),"") | I21: =IF(SUM(I17:I20)>0,SUM(I17:I20),"") | J21: =IF(SUM(J17:J20)>0,SUM(J17:J20),"")
B24: OUTROS BENS E SERVIÇOS - Dados para o Quadro 4 e 6 do Anexo L - IVA TRIMESTRAL | M24: IMOBILIZADO - Dados para o Quadro 4 e 6 do Anexo L - IVA MENSAL
E25: Taxa 5% | F25: BASE | G25: Taxa 12% | H25: BASE | I25: Taxa 20% e 21% | J25: BASE | O25: Taxa 5% | P25: BASE | Q25: Taxa 12% | R25: BASE | S25: Taxa 20% e 21% | T25: BASE
B26: Valores do extracto de contrabilidade referentes às subcontas da 24323... - IVA Dedutivel OBS | D26: 1º Trimestre | F26: =IF(E26>0,E26/0.05,"") | H26: =IF(G26>0,G26/0.12,"") | J26: =IF(I26>0,I26/0.21,"") | M26: Valores do extracto de contrabilidade referentes às subcontas da 24322... - IVA Dedutivel Imobilizado | N26: Janeiro | P26: =IF(O26>0,O26/0.05,"") | R26: =IF(Q26>0,Q26/0.12,"") | T26: =IF(S26>0,S26/0.21,"")
D27: 2º Trimestre | F27: =IF(E27>0,E27/0.05,"") | H27: =IF(G27>0,G27/0.12,"") | J27: =IF(I27>0,I27/0.21,"") | N27: Fevereiro | P27: =IF(O27>0,O27/0.05,"") | R27: =IF(Q27>0,Q27/0.12,"") | T27: =IF(S27>0,S27/0.21,"")
D28: 3º Trimestre | F28: =IF(E28>0,E28/0.05,"") | H28: =IF(G28>0,G28/0.12,"") | J28: =IF(I28>0,I28/0.2,"") | N28: Março | P28: =IF(O28>0,O28/0.05,"") | R28: =IF(Q28>0,Q28/0.12,"") | T28: =IF(S28>0,S28/0.21,"")
D29: 4º Trimestre | F29: =IF(E29>0,E29/0.05,"") | H29: =IF(G29>0,G29/0.12,"") | J29: =IF(I29>0,I29/0.2,"") | N29: Abril | P29: =IF(O29>0,O29/0.05,"") | R29: =IF(Q29>0,Q29/0.12,"") | T29: =IF(S29>0,S29/0.21,"")
B30: TOTAIS | E30: =IF(SUM(E26:E29)>0,SUM(E26:E29),"") | F30: =IF(SUM(F26:F29)>0,SUM(F26:F29),"") | G30: =IF(SUM(G26:G29)>0,SUM(G26:G29),"") | H30: =IF(SUM(H26:H29)>0,SUM(H26:H29),"") | I30: =IF(SUM(I26:I29)>0,SUM(I26:I29),"") | J30: =IF(SUM(J26:J29)>0,SUM(J26:J29),"") | N30: Maio | P30: =IF(O30>0,O30/0.05,"") | R30: =IF(Q30>0,Q30/0.12,"") | T30: =IF(S30>0,S30/0.21,"")
I31: Taxa 10% e 10,5% | J31: BASE | N31: Junho | P31: =IF(O31>0,O31/0.05,"") | R31: =IF(Q31>0,Q31/0.12,"") | T31: =IF(S31>0,S31/0.21,"")
F32: Valores do extracto de contrabilidade referentes às subcontas da 24323 - Dedução 50% Iva do Gasóleo | H32: 1º Trimestre | J32: =IF(I32>0,I32/0.105,"") | N32: Julho | P32: =IF(O32>0,O32/0.05,"") | R32: =IF(Q32>0,Q32/0.12,"") | T32: =IF(S32>0,S32/0.2,"")
H33: 2º Trimestre | J33: =IF(I33>0,I33/0.105,"") | N33: Agosto | P33: =IF(O33>0,O33/0.05,"") | R33: =IF(Q33>0,Q33/0.12,"") | T33: =IF(S33>0,S33/0.2,"")
H34: 3º Trimestre | J34: =IF(I34>0,I34/0.1,"") | N34: Setembro | P34: =IF(O34>0,O34/0.05,"") | R34: =IF(Q34>0,Q34/0.12,"") | T34: =IF(S34>0,S34/0.2,"")
H35: 4º Trimestre | J35: =IF(I35>0,I35/0.1,"") | N35: Outubro | P35: =IF(O35>0,O35/0.05,"") | R35: =IF(Q35>0,Q35/0.12,"") | T35: =IF(S35>0,S35/0.2,"")
F36: TOTAIS | I36: =IF(SUM(I32:I35)>0,SUM(I32:I35),"") | J36: =IF(SUM(J32:J35)>0,SUM(J32:J35),"") | N36: Novembro | P36: =IF(O36>0,O36/0.05,"") | R36: =IF(Q36>0,Q36/0.12,"") | T36: =IF(S36>0,S36/0.2,"")
N37: Dezembro | P37: =IF(O37>0,O37/0.05,"") | R37: =IF(Q37>0,Q37/0.12,"") | T37: =IF(S37>0,S37/0.2,"")
B38: Outros Valores a retirar da contabilidade para preenchimento do Quadro 4 e 5 do Anexo L | M38: TOTAIS | O38: =IF(SUM(O26:O37)>0,SUM(O26:O37),"") | P38: =IF(SUM(P26:P37)>0,SUM(P26:P37),"") | Q38: =IF(SUM(Q26:Q37)>0,SUM(Q26:Q37),"") | R38: =IF(SUM(R26:R37)>0,SUM(R26:R37),"") | S38: =IF(SUM(S26:S37)>0,SUM(S26:S37),"") | T38: =IF(SUM(T26:T37)>0,SUM(T26:T37),"")
B39: Contas POC | C39: Designação das Contas | F39: Valor do Extracto 21% 20% | H39: Valor p/ Quadro 4 | J39: Totais
B40: 62218... | C40: Excluido Direito Dedução - Outros | D40: Ofertas a Clientes | H40: =IF(SUM(F40:G40)>0,F40/1.21+G40/1.2,"") | J40: =IF(SUM(H40:I43)>0,SUM(H40:I43),"") | M40: OUTROS BENS E SERVIÇOS - Dados para o Quadro 4 e 6 do Anexo L - IVA MENSAL
B41: 62221... | D41: Desp. de Representação (Iva 12%) | H41: =IF(SUM(F41:G41)>0,F41/1.12+G41/1.12,"") | O41: Taxa 5% | P41: BASE | Q41: Taxa 12% | R41: BASE | S41: Taxa 20% e 21% | T41: BASE
B42: 62227... | D42: Deslocações e Estadas (Iva 12%) | H42: =IF(SUM(F42:G42)>0,F42/1.12+G42/1.12,"") | M42: Valores do extracto de contrabilidade referentes às subcontas da 24323... - IVA Dedutivel OBS | N42: Janeiro | P42: =IF(O42>0,O42/0.05,"") | R42: =IF(Q42>0,Q42/0.12,"") | T42: =IF(S42>0,S42/0.21,"")
B43: 622… | D43: Outros Custos | H43: =IF(SUM(F43:G43)>0,F43/1.21+G43/1.2,"") | N43: Fevereiro | P43: =IF(O43>0,O43/0.05,"") | R43: =IF(Q43>0,Q43/0.12,"") | T43: =IF(S43>0,S43/0.21,"")
B44: 62212... | C44: Gasolina | H44: =IF(SUM(F44:G44)>0,F44/1.21+G44/1.2,"") | J44: =IF(H44>0,H44,"") | N44: Março | P44: =IF(O44>0,O44/0.05,"") | R44: =IF(Q44>0,Q44/0.12,"") | T44: =IF(S44>0,S44/0.21,"")
B45: 424... | C45: Aquisição de Viaturas de Turismo | H45: =IF(SUM(F45:G45)>0,F45/1.21+G45/1.2,"") | J45: =IF(H45>0,H45,"") | N45: Abril | P45: =IF(O45>0,O45/0.05,"") | R45: =IF(Q45>0,Q45/0.12,"") | T45: =IF(S45>0,S45/0.21,"")
H46: =IF(SUM(F46:G46)>0,F46/1.21+G46/1.2,"") | N46: Maio | P46: =IF(O46>0,O46/0.05,"") | R46: =IF(Q46>0,Q46/0.12,"") | T46: =IF(S46>0,S46/0.21,"")
B47: 62214... | C47: Despesas Viaturas de Turismo | D47: Outros Fluidos | H47: =IF(SUM(F47:G47)>0,F47/1.21+G47/1.2,"") | J47: =IF(SUM(H47:I51)>0,SUM(H47:I51),"") | N47: Junho | P47: =IF(O47>0,O47/0.05,"") | R47: =IF(Q47>0,Q47/0.12,"") | T47: =IF(S47>0,S47/0.21,"")
B48: 62219... | D48: Alugueres | H48: =IF(SUM(F48:G48)>0,F48/1.21+G48/1.2,"") | N48: Julho | P48: =IF(O48>0,O48/0.05,"") | R48: =IF(Q48>0,Q48/0.12,"") | T48: =IF(S48>0,S48/0.2,"")
B49: 62232... | D49: Conservação e Reparação | H49: =IF(SUM(F49:G49)>0,F49/1.21+G49/1.2,"") | N49: Agosto | P49: =IF(O49>0,O49/0.05,"") | R49: =IF(Q49>0,Q49/0.12,"") | T49: =IF(S49>0,S49/0.2,"")
B50: 62227... | D50: Portagens e Parqueamentos | H50: =IF(SUM(F50:G50)>0,F50/1.21+G50/1.2,"") | N50: Setembro | P50: =IF(O50>0,O50/0.05,"") | R50: =IF(Q50>0,Q50/0.12,"") | T50: =IF(S50>0,S50/0.2,"")
B51: 622… | D51: Outros Custos | H51: =IF(SUM(F51:G51)>0,F51/1.21+G51/1.2,"") | N51: Outubro | P51: =IF(O51>0,O51/0.05,"") | R51: =IF(Q51>0,Q51/0.12,"") | T51: =IF(S51>0,S51/0.2,"")
B52: 62219... | C52: Bens e Serviços Isentos | D52: Rendas | H52: =IF(F52>0,F52,"") | J52: =IF(SUM(H52:I55)>0,SUM(H52:I55),"") | N52: Novembro | P52: =IF(O52>0,O52/0.05,"") | R52: =IF(Q52>0,Q52/0.12,"") | T52: =IF(S52>0,S52/0.2,"")
B53: 62223... | D53: Seguros | H53: =IF(F53>0,F53,"") | N53: Dezembro | P53: =IF(O53>0,O53/0.05,"") | R53: =IF(Q53>0,Q53/0.12,"") | T53: =IF(S53>0,S53/0.2,"")
B54: 62229… | D54: Honorários | H54: =IF(F54>0,F54,"") | M54: TOTAIS | O54: =IF(SUM(O42:O53)>0,SUM(O42:O53),"") | P54: =IF(SUM(P42:P53)>0,SUM(P42:P53),"") | Q54: =IF(SUM(Q42:Q53)>0,SUM(Q42:Q53),"") | R54: =IF(SUM(R42:R53)>0,SUM(R42:R53),"") | S54: =IF(SUM(S42:S53)>0,SUM(S42:S53),"") | T54: =IF(SUM(T42:T53)>0,SUM(T42:T53),"")
B55: 622… | D55: Outros Custos | H55: =IF(F55>0,F55,"") | S55: Taxa 10% e 10,5% | T55: BASE
B56: 424… | C56: Aquis.Motos, Barcosde Recreio, Aviões | H56: =IF(SUM(F56:G56)>0,F56/1.21+G56/1.2,"") | J56: =IF(H56>0,H56,"") | P56: Valores do extracto de contrabilidade referentes às subcontas da 24323 - Dedução 50% Iva do Gasóleo | R56: Janeiro | T56: =IF(S56>0,S56/0.105,"")
B57: 414… | C57: Aquis. Imóveis Isentos - nº 31 art. 9 CIVA | H57: =IF(F57>0,F57,"") | J57: =IF(H57>0,H57,"") | R57: Fevereiro | T57: =IF(S57>0,S57/0.105,"")
B58: 31… | C58: Aquis. Imóveis Isentos - nº 31 art. 9 CIVA | H58: =IF(F58>0,F58,"") | J58: =IF(H58>0,H58,"") | R58: Março | T58: =IF(S58>0,S58/0.105,"")
B59: Aquis.Serv.Transp.Intracom.(cargas) - Art.6 do CIVA | H59: =IF(F59>0,F59,"") | J59: =IF(H59>0,H59,"") | R59: Abril | T59: =IF(S59>0,S59/0.105,"")
B60: Transm. Imóvel isento p/ nº 31 art. 9 CIVA (Imobilizado) | H60: =IF(F60>0,F60,"") | J60: =IF(H60>0,H60,"") | R60: Maio | T60: =IF(S60>0,S60/0.105,"")
B61: Transm. Imóvel isento p/ nº 31 art. 9 CIVA (Existências) | H61: =IF(F61>0,F61,"") | J61: =IF(H61>0,H61,"") | R61: Junho | T61: =IF(S61>0,S61/0.105,"")
B62: Venda Viatura de Turismo isentas pelo nº 33 art. 9 CIVA | H62: =IF(F62>0,F62,"") | J62: =IF(H62>0,H62,"") | R62: Julho | T62: =IF(S62>0,S62/0.1,"")
R63: Agosto | T63: =IF(S63>0,S63/0.1,"")
B64: Venda Imobilizado p/ União Europeia - Art. 14 CIVA | H64: =IF(F64>0,F64,"") | J64: =IF(H64>0,H64,"") | R64: Setembro | T64: =IF(S64>0,S64/0.1,"")
R65: Outubro | T65: =IF(S65>0,S65/0.1,"")
B66: Outras Transmiss. p/ União Europeia - Art. 14 CIVA | H66: =IF(F66>0,F66,"") | J66: =IF(H66>0,H66,"") | R66: Novembro | T66: =IF(S66>0,S66/0.1,"")
R67: Dezembro | T67: =IF(S67>0,S67/0.1,"")
B68: Venda Imobilizado p/ Exterior - Excepto Art. 14 CIVA | H68: =IF(F68>0,F68,"") | J68: =IF(H68>0,H68,"") | P68: TOTAIS | S68: =IF(SUM(S56:S67)>0,SUM(S56:S67),"") | T68: =IF(SUM(T56:T67)>0,SUM(T56:T67),"")
B70: Outras Transmiss. p/ Exterior - Excepto Art. 14 CIVA | H70: =IF(F70>0,F70,"") | J70: =IF(H70>0,H70,"")
B71: Aquisição de Existências Isentas - Art. 9 do CIVA | H71: =IF(F71>0,F71,"") | J71: =IF(H71>0,H71,"") | M71: Quadro 7 do Anexo L - Recebimentos Antecipados
B72: Aquisição Existências a Sujeitos Isentos-Art. 53 CIVA | H72: =IF(F72>0,F72,"") | J72: =IF(H72>0,H72,"") | M72: Valores do extracto de contrabilidade referentes às contas de Recebimentos Antecipados (L57 e L58) | P72: Taxa de 5% | R72: Taxa de 12% | T72: Taxa de 20% | V72: Taxa de 21%
B73: Aquisição OBS a Sujeitos Isentos - Art. 53 CIVA | H73: =IF(F73>0,F73,"") | J73: =IF(H73>0,H73,"")
B74: Aquis. Bens e Serviços Residuos / Sucatas (Existências) | H74: =IF(F74>0,F74,"") | J74: =IF(H74>0,H74,"")
B75: Aquis. Bens e Serviços Residuos / Sucatas (OBS) | H75: =IF(F75>0,F75,"") | J75: =IF(H75>0,H75,"")
B76: Aquis. Bens e Serviços Residuos / Sucatas (Imobilizado) | H76: =IF(F76>0,F76,"") | J76: =IF(H76>0,H76,"") | M76: Valores do extracto de contrabilidade referentes à Facturação definitiva de recebimentos de anos anteriores (L59) | P76: Taxa de 5% | R76: Taxa de 12% | T76: Taxa de 20% | V76: Taxa de 21%
B77: Aquis. Bens e Serviços c/ Locação de Viaturas (OBS) | H77: =IF(F77>0,F77,"") | J77: =IF(H77>0,H77,"")
B78: Locação de Viaturas (Existências) | H78: =IF(F78>0,F78,"") | J78: =IF(H78>0,H78,"")
M82: =IF('Anexo L - IES'!$G$12=4,SUM('Cálculos Auxiliares'!G85:H85),"")
B83: Preencher apenas se colocar a opção 4 (Existências, OBS e Imobilizado) para Quadro 3 do anexo L | M83: Quadro 4 do Anexo L - Viaturas de Turismo
B84: Retirar do Extracto Contabili// as Vendas de: | E84: EXISTÊNCIAS | G84: OUTROS BENS E SERV. | I84: IMOBILIZADO | M84: Retirar do Extracto Contabili// os Valores de: | P84: EXISTÊNCIAS | R84: OUTROS BENS E SERVIÇOS | T84: IMOBILIZADO
B85: Transmissões de Bens e Prestações de Serviços | C85: Taxa Reduzida - 5%
C86: Taxa Intermédia - 12% | M86: Aquisições de Bens e Prestações de Serviços relacionadas com Viaturas de Turismo, nas quais, o imposto tenha sido total ou parcialmente deduzido
C87: Taxa Normal - 21%
C88: Isentas c/ dedução
C89: Isentas s/ dedução
C90: Inversão Residuos e Sucatas
C91: Inversão Construção Civil
B94: IVA DEVIDO NO ADQUIRENTE - IMOBILIZADO - Dados para o Quadro 4 e 6 do Anexo L - IVA TRIMESTRAL | M94: IVA DEVIDO NO ADQUIRENTE - OBS - Dados para o Quadro 4 e 6 do Anexo L - IVA TRIMESTRAL
E95: Taxa 5% | F95: BASE | G95: Taxa 12% | H95: BASE | I95: Taxa 20% e 21% | J95: BASE | P95: Taxa 5% | Q95: BASE | R95: Taxa 12% | S95: BASE | T95: Taxa 20% e 21% | U95: BASE
B96: Valores do extracto de contrabilidade referentes às subcontas da 24322... - IVA Dedutivel Devido no Adquirente | D96: 1º Trimestre | F96: =IF(E96>0,E96/0.05,"") | H96: =IF(G96>0,G96/0.12,"") | J96: =IF(I96>0,I96/0.21,"") | M96: Valores do extracto de contrabilidade referentes às subcontas da 24323... - IVA Dedutivel Devido no Adquirente | O96: 1º Trimestre | Q96: =IF(P96>0,P96/0.05,"") | S96: =IF(R96>0,R96/0.12,"") | U96: =IF(T96>0,T96/0.21,"")
D97: 2º Trimestre | F97: =IF(E97>0,E97/0.05,"") | H97: =IF(G97>0,G97/0.12,"") | J97: =IF(I97>0,I97/0.21,"") | O97: 2º Trimestre | Q97: =IF(P97>0,P97/0.05,"") | S97: =IF(R97>0,R97/0.12,"") | U97: =IF(T97>0,T97/0.21,"")
D98: 3º Trimestre | F98: =IF(E98>0,E98/0.05,"") | H98: =IF(G98>0,G98/0.12,"") | J98: =IF(I98>0,I98/0.2,"") | O98: 3º Trimestre | Q98: =IF(P98>0,P98/0.05,"") | S98: =IF(R98>0,R98/0.12,"") | U98: =IF(T98>0,T98/0.2,"")
D99: 4º Trimestre | F99: =IF(E99>0,E99/0.05,"") | H99: =IF(G99>0,G99/0.12,"") | J99: =IF(I99>0,I99/0.2,"") | O99: 4º Trimestre | Q99: =IF(P99>0,P99/0.05,"") | S99: =IF(R99>0,R99/0.12,"") | U99: =IF(T99>0,T99/0.2,"")
B100: TOTAIS | E100: =IF(SUM(E96:E99)>0,SUM(E96:E99),"") | F100: =IF(SUM(F96:F99)>0,SUM(F96:F99),"") | G100: =IF(SUM(G96:G99)>0,SUM(G96:G99),"") | H100: =IF(SUM(H96:H99)>0,SUM(H96:H99),"") | I100: =IF(SUM(I96:I99)>0,SUM(I96:I99),"") | J100: =IF(SUM(J96:J99)>0,SUM(J96:J99),"") | M100: TOTAIS | P100: =IF(SUM(P96:P99)>0,SUM(P96:P99),"") | Q100: =IF(SUM(Q96:Q99)>0,SUM(Q96:Q99),"") | R100: =IF(SUM(R96:R99)>0,SUM(R96:R99),"") | S100: =IF(SUM(S96:S99)>0,SUM(S96:S99),"") | T100: =IF(SUM(T96:T99)>0,SUM(T96:T99),"") | U100: =IF(SUM(U96:U99)>0,SUM(U96:U99),"")
B103: IVA AQUISIÇÕES INTRACOMUNITÁRIAS - IMOBILIZADO - Dados para o Quadro 5 e 6 do Anexo L - IVA TRIMESTRAL | M103: IVA AQUISIÇÕES INTRACOMUN. - OBS e EXISTÊNCIAS - Dados para o Quadro 5 e 6 do Anexo L - IVA TRIMESTRAL
E104: Taxa 5% | F104: BASE | G104: Taxa 12% | H104: BASE | I104: Taxa 20% e 21% | J104: BASE | P104: Taxa 5% | Q104: BASE | R104: Taxa 12% | S104: BASE | T104: Taxa 20% e 21% | U104: BASE
B105: Valores do extracto de contrabilidade referentes às subcontas da 24322... - IVA Dedutivel das Aquisições Intracomunitárias | D105: 1º Trimestre | F105: =IF(E105>0,E105/0.05,"") | H105: =IF(G105>0,G105/0.12,"") | J105: =IF(I105>0,I105/0.21,"") | M105: Valores do extracto de contrabilidade referentes às subcontas da 24322... - IVA Dedutivel das Aquisições Intracomunitárias | O105: 1º Trimestre | Q105: =IF(P105>0,P105/0.05,"") | S105: =IF(R105>0,R105/0.12,"") | U105: =IF(T105>0,T105/0.21,"")
D106: 2º Trimestre | F106: =IF(E106>0,E106/0.05,"") | H106: =IF(G106>0,G106/0.12,"") | J106: =IF(I106>0,I106/0.21,"") | O106: 2º Trimestre | Q106: =IF(P106>0,P106/0.05,"") | S106: =IF(R106>0,R106/0.12,"") | U106: =IF(T106>0,T106/0.21,"")
D107: 3º Trimestre | F107: =IF(E107>0,E107/0.05,"") | H107: =IF(G107>0,G107/0.12,"") | J107: =IF(I107>0,I107/0.2,"") | O107: 3º Trimestre | Q107: =IF(P107>0,P107/0.05,"") | S107: =IF(R107>0,R107/0.12,"") | U107: =IF(T107>0,T107/0.2,"")
D108: 4º Trimestre | F108: =IF(E108>0,E108/0.05,"") | H108: =IF(G108>0,G108/0.12,"") | J108: =IF(I108>0,I108/0.2,"") | O108: 4º Trimestre | Q108: =IF(P108>0,P108/0.05,"") | S108: =IF(R108>0,R108/0.12,"") | U108: =IF(T108>0,T108/0.2,"")
B109: TOTAIS | E109: =IF(SUM(E105:E108)>0,SUM(E105:E108),"") | F109: =IF(SUM(F105:F108)>0,SUM(F105:F108),"") | G109: =IF(SUM(G105:G108)>0,SUM(G105:G108),"") | H109: =IF(SUM(H105:H108)>0,SUM(H105:H108),"") | I109: =IF(SUM(I105:I108)>0,SUM(I105:I108),"") | J109: =IF(SUM(J105:J108)>0,SUM(J105:J108),"") | M109: TOTAIS | P109: =IF(SUM(P105:P108)>0,SUM(P105:P108),"") | Q109: =IF(SUM(Q105:Q108)>0,SUM(Q105:Q108),"") | R109: =IF(SUM(R105:R108)>0,SUM(R105:R108),"") | S109: =IF(SUM(S105:S108)>0,SUM(S105:S108),"") | T109: =IF(SUM(T105:T108)>0,SUM(T105:T108),"") | U109: =IF(SUM(U105:U108)>0,SUM(U105:U108),"")
B112: IVA IMPORTAÇÕES (FORA DA UE) - IMOBILIZADO - Dados para o Quadro 5 e 6 do Anexo L - IVA TRIMESTRAL | M112: IVA IMPORTAÇÕES (FORA DA UE) - OBS e EXISTÊNCIAS - Dados para o Quadro 5 e 6 do Anexo L - IVA TRIMESTRAL
E113: Taxa 5% | F113: BASE | G113: Taxa 12% | H113: BASE | I113: Taxa 20% e 21% | J113: BASE | P113: Taxa 5% | Q113: BASE | R113: Taxa 12% | S113: BASE | T113: Taxa 20% e 21% | U113: BASE
B114: Valores do extracto de contrabilidade referentes às subcontas da 24322... - IVA Dedutivel de Importações (Pago nas Alfândegas) | D114: 1º Trimestre | F114: =IF(E114>0,E114/0.05,"") | H114: =IF(G114>0,G114/0.12,"") | J114: =IF(I114>0,I114/0.21,"") | M114: Valores do extracto de contrabilidade referentes às subcontas da 24322... - IVA Dedutivel de Importações (Pago nas Alfândegas) | O114: 1º Trimestre | Q114: =IF(P114>0,P114/0.05,"") | S114: =IF(R114>0,R114/0.12,"") | U114: =IF(T114>0,T114/0.21,"")
D115: 2º Trimestre | F115: =IF(E115>0,E115/0.05,"") | H115: =IF(G115>0,G115/0.12,"") | J115: =IF(I115>0,I115/0.21,"") | O115: 2º Trimestre | Q115: =IF(P115>0,P115/0.05,"") | S115: =IF(R115>0,R115/0.12,"") | U115: =IF(T115>0,T115/0.21,"")
...

Sheet Anexo L - IES
B1: IES - Anexo L - IVA - Elementos Contabilisticos e Fiscais - Exercicio 2008
B4: Nome da Empresa:
B5: Exercicio: | H5: Contribuinte:
B6: Data Actual | D6: =NOW() -> 41799.716
B9: Colocar no quadro em frente o Tipo de Transmissões da Empresa referentes ao Quadro 03 - Operações Internas Activas: SÓ EXISTÊNCIAS = 1 ; SÓ OBS = 2 ; SÓ IMOBILIZADO = 3 ; EXISTÊNCIAS, OBS e IMOBILIZADO = 4 (Na opção 4, preencher Quadro Cálculos Auxiliares) | F9: Existências | I9: Nota Importante: Preencher apenas o Cabeçalho e o Quadro ao lado. Os quadros são preenchidos automaticamente através das Declarações de IVA e Cálculos Auxiliares.
F10: OBS
F11: Imobilizado
F12: 2 ou +
B15: Quadro 03 - Operações Internas Activas
G16: EXISTÊNCIAS | I16: OUTROS BENS SERV. | K16: IMOBILIZADO
B17: Transmissões de Bens e Prestações de Serviços | C17: Taxa Reduzida - 5% | G17: L01 | H17: =IF(SUM($G$9,$G$12)>0,IF($G$9=1,SUM('Declarações IVA - Trimestral'!G10)+SUM('Declarações IVA - Trimestral'!N10)+SUM('Declarações IVA - Mensal'!O48)+SUM('Declarações IVA - Mensal'!O9),SUM('Cálculos Auxiliares'!E85:F85)),"") | I17: L07 | J17: =IF(SUM($G$10,$G$12)>0,IF($G$10=2,SUM('Declarações IVA - Trimestral'!G10)+SUM('Declarações IVA - Trimestral'!N10)+SUM('Declarações IVA - Mensal'!O48)+SUM('Declarações IVA - Mensal'!O9),SUM('Cálculos Auxiliares'!G85:H85)),"") | K17: L14 | L17: =IF(SUM($G$11,$G$12)>0,IF($G$11=3,SUM('Declarações IVA - Trimestral'!G10)+SUM('Declarações IVA - Trimestral'!N10)+SUM('Declarações IVA - Mensal'!O48)+SUM('Declarações IVA - Mensal'!O9),SUM('Cálculos Auxiliares'!I85:J85)),"")
C18: Taxa Intermédia - 12% | G18: L02 | H18: =IF(SUM($G$9,$G$12)>0,IF($G$9=1,SUM('Declarações IVA - Trimestral'!G14)+SUM('Declarações IVA - Trimestral'!N14)+SUM('Declarações IVA - Mensal'!O52)+SUM('Declarações IVA - Mensal'!O13),SUM('Cálculos Auxiliares'!E86:F86)),"") | I18: L08 | J18: =IF(SUM($G$10,$G$12)>0,IF($G$10=2,SUM('Declarações IVA - Trimestral'!G14)+SUM('Declarações IVA - Trimestral'!N14)+SUM('Declarações IVA - Mensal'!O52)+SUM('Declarações IVA - Mensal'!O13),SUM('Cálculos Auxiliares'!G86:H86)),"") | K18: L15 | L18: =IF(SUM($G$11,$G$12)>0,IF($G$11=3,SUM('Declarações IVA - Trimestral'!G14)+SUM('Declarações IVA - Trimestral'!N14)+SUM('Declarações IVA - Mensal'!O52)+SUM('Declarações IVA - Mensal'!O13),SUM('Cálculos Auxiliares'!I86:J86)),"")
C19: Taxa Normal - 21% | G19: L03 | H19: =IF(SUM($G$9,$G$12)>0,IF($G$9=1,SUM('Declarações IVA - Trimestral'!G12)+SUM('Declarações IVA - Trimestral'!N12)+SUM('Declarações IVA - Mensal'!O50)+SUM('Declarações IVA - Mensal'!O11),SUM('Cálculos Auxiliares'!E87:F87)),"") | I19: L09 | J19: =IF(SUM($G$10,$G$12)>0,IF($G$10=2,SUM('Declarações IVA - Trimestral'!G12)+SUM('Declarações IVA - Trimestral'!N12)+SUM('Declarações IVA - Mensal'!O50)+SUM('Declarações IVA - Mensal'!O11),SUM('Cálculos Auxiliares'!G87:H87)),"") | K19: L16 | L19: =IF(SUM($G$11,$G$12)>0,IF($G$11=3,SUM('Declarações IVA - Trimestral'!G12)+SUM('Declarações IVA - Trimestral'!N12)+SUM('Declarações IVA - Mensal'!O50)+SUM('Declarações IVA - Mensal'!O11),SUM('Cálculos Auxiliares'!I87:J87)),"")
C20: Isentas ou não sujeitas c/ direito à dedução (alinea b) nº 1 art. 20 do CIVA) | G20: L04 | H20: =IF(SUM($G$9,$G$12)>0,IF($G$9=1,SUM('Declarações IVA - Trimestral'!G16)+SUM('Declarações IVA - Trimestral'!N16)+SUM('Declarações IVA - Mensal'!O54)+SUM('Declarações IVA - Mensal'!O15),SUM('Cálculos Auxiliares'!E88:F88)),"") | I20: L10 | J20: =IF(SUM($G$10,$G$12)>0,IF($G$10=2,SUM('Declarações IVA - Trimestral'!G16)+SUM('Declarações IVA - Trimestral'!N16)+SUM('Declarações IVA - Mensal'!O54)+SUM('Declarações IVA - Mensal'!O15),SUM('Cálculos Auxiliares'!G88:H88)),"")
C21: Isentas sem direito à dedução | G21: L05 | H21: =IF(SUM($G$9,$G$12)>0,IF($G$9=1,SUM('Declarações IVA - Trimestral'!G19)+SUM('Declarações IVA - Trimestral'!N19)+SUM('Declarações IVA - Mensal'!O57)+SUM('Declarações IVA - Mensal'!O18),SUM('Cálculos Auxiliares'!E89:F89)),"") | I21: L11 | J21: =IF(SUM($G$10,$G$12)>0,IF($G$10=2,SUM('Declarações IVA - Trimestral'!G19)+SUM('Declarações IVA - Trimestral'!N19)+SUM('Declarações IVA - Mensal'!O57)+SUM('Declarações IVA - Mensal'!O18),SUM('Cálculos Auxiliares'!G89:H89)),"")
C22: Inversão do Sujeito Passivo em bens e serviços no sector dos desperdicios, residuos e sucatas recicláveis | G22: L64 | H22: =IF(SUM($G$9,$G$12)>0,IF($G$9=1,SUM('Declarações IVA - Trimestral'!G18)+SUM('Declarações IVA - Trimestral'!N18)+SUM('Declarações IVA - Mensal'!O56)+SUM('Declarações IVA - Mensal'!O17),SUM('Cálculos Auxiliares'!E90:F90)),"") | I22: L66 | J22: =IF(SUM($G$10,$G$12)>0,IF($G$10=2,SUM('Declarações IVA - Trimestral'!G18)+SUM('Declarações IVA - Trimestral'!N18)+SUM('Declarações IVA - Mensal'!O56)+SUM('Declarações IVA - Mensal'!O17),SUM('Cálculos Auxiliares'!G90:H90)),"") | K22: L68 | L22: =IF(SUM($G$11,$G$12)>0,IF($G$11=3,SUM('Declarações IVA - Trimestral'!G18)+SUM('Declarações IVA - Trimestral'!N18)+SUM('Declarações IVA - Mensal'!O56)+SUM('Declarações IVA - Mensal'!O17),SUM('Cálculos Auxiliares'!I90:J90)),"")
C23: Inversão do Sujeito Passivo em Serv. de Construção Civil | I23: L67 | J23: =IF(SUM($G$10,$G$12)>0,IF($G$10=2,SUM('Declarações IVA - Trimestral'!G17)+SUM('Declarações IVA - Trimestral'!N17)+SUM('Declarações IVA - Mensal'!O55)+SUM('Declarações IVA - Mensal'!O16),SUM('Cálculos Auxiliares'!G91:H91)),"")
B24: Serviços de Transportes Intracomunitários de Bens - Art. 6 do CIVA | I24: L12 | J24: =IF('Cálculos Auxiliares'!J59>0,'Cálculos Auxiliares'!J59,"")
B25: Transmissões Viaturas de Turismo isentas - nº 33 do art. 9º do CIVA | K25: L17 | L25: =IF(SUM('Cálculos Auxiliares'!J62:J63)>0,SUM('Cálculos Auxiliares'!J62:J63),"")
B26: Transmissões Isentas - nº 31 do art. 9º do CIVA (Imóveis) | G26: L65 | H26: =IF('Cálculos Auxiliares'!J61>0,'Cálculos Auxiliares'!J61,"") | K26: L18 | L26: =IF('Cálculos Auxiliares'!J60>0,'Cálculos Auxiliares'!J60,"")
B27: TOTAIS | G27: L06 | H27: =IF(SUM(H17:H22,H26)>0,SUM(H17:H22,H26),"") | I27: L13 | J27: =IF(SUM(J17:J24)>0,SUM(J17:J24),"") | K27: L19 | L27: =IF(SUM(L17:L19,L22,L25:L26)>0,SUM(L17:L19,L22,L25:L26),"")
B32: Quadro 04 - Operações Internas Passivas
G33: EXISTÊNCIAS | I33: OUTROS BENS SERV. | K33: IMOBILIZADO
B34: Aquisições de Bens e Serviços efectuadas pelo Sujeito Passivo | C34: Imposto é Total ou Parcialmente Dedutivel - Viaturas Turismo | G34: L20 | H34: =IF(SUM('Cálculos Auxiliares'!P86:Q88)>0,SUM('Cálculos Auxiliares'!P86:Q88),"") | I34: L24 | J34: =IF(SUM('Cálculos Auxiliares'!R86:S88)>0,SUM('Cálculos Auxiliares'!R86:S88),"") | K34: L32 | L34: =IF(SUM('Cálculos Auxiliares'!T86:U88)>0,SUM('Cálculos Auxiliares'!T86:U88),"")
C35: Imposto é Total ou Parcialmente Dedutivel - Outros | G35: L69 | H35: =IF(SUM('Cálculos Auxiliares'!F12)+SUM('Cálculos Auxiliares'!H12)+SUM('Cálculos Auxiliares'!J12)+SUM('Cálculos Auxiliares'!P20)+SUM('Cálculos Auxiliares'!R20)+SUM('Cálculos Auxiliares'!T20)+SUM('CA - Anexo R'!F12,'CA - Anexo R'!H12,'CA - Anexo R'!J12)+SUM('CA - Anexo R'!P20,'CA - Anexo R'!R20,'CA - Anexo R'!T20)>0,SUM('Cálculos Auxiliares'!F12)+SUM('Cálculos Auxiliares'!H12)+SUM('Cálculos Auxiliares'!J12)+SUM('Cálculos Auxiliares'!P20)+SUM('Cálculos Auxiliares'!R20)+SUM('Cálculos Auxiliares'!T20)+SUM('CA - Anexo R'!F12,'CA - Anexo R'!H12,'CA - Anexo R'!J12)+SUM('CA - Anexo R'!P20,'CA - Anexo R'!R20,'CA - Anexo R'!T20),"") | I35: L73 | J35: =IF(SUM('Cálculos Auxiliares'!F30)+SUM('Cálculos Auxiliares'!H30)+SUM('Cálculos Auxiliares'!J30)+SUM('Cálculos Auxiliares'!P54)+SUM('Cálculos Auxiliares'!R54)+SUM('Cálculos Auxiliares'!T54)+SUM('CA - Anexo R'!F30,'CA - Anexo R'!H30,'CA - Anexo R'!J30)+SUM('CA - Anexo R'!P54,'CA - Anexo R'!R54,'CA - Anexo R'!T54)>0,SUM('Cálculos Auxiliares'!F30)+SUM('Cálculos Auxiliares'!H30)+SUM('Cálculos Auxiliares'!J30)+SUM('Cálculos Auxiliares'!P54)+SUM('Cálculos Auxiliares'!R54)+SUM('Cálculos Auxiliares'!T54)+SUM('CA - Anexo R'!P54,'CA - Anexo R'!R54,'CA - Anexo R'!T54)+SUM('CA - Anexo R'!F30,'CA - Anexo R'!H30,'CA - Anexo R'!J30),"") | K35: L77 | L35: =IF(SUM('Cálculos Auxiliares'!F21)+SUM('Cálculos Auxiliares'!H21)+SUM('Cálculos Auxiliares'!J21)+SUM('Cálculos Auxiliares'!P38)+SUM('Cálculos Auxiliares'!R38)+SUM('Cálculos Auxiliares'!T38)+SUM('CA - Anexo R'!F21,'CA - Anexo R'!H21,'CA - Anexo R'!J21)+SUM('CA - Anexo R'!P38,'CA - Anexo R'!R38,'CA - Anexo R'!T38)>0,SUM('Cálculos Auxiliares'!F21)+SUM('Cálculos Auxiliares'!H21)+SUM('Cálculos Auxiliares'!J21)+SUM('Cálculos Auxiliares'!P38)+SUM('Cálculos Auxiliares'!R38)+SUM('Cálculos Auxiliares'!T38)+SUM('CA - Anexo R'!P38,'CA - Anexo R'!R38,'CA - Anexo R'!T38)+SUM('CA - Anexo R'!F21,'CA - Anexo R'!H21,'CA - Anexo R'!J21),"")
C36: Imp. parcial/ deduditel - Art. 21 do CIVA (Gasoleo) | I36: L25 | J36: =IF(SUM('Cálculos Auxiliares'!J36,'Cálculos Auxiliares'!T68)>0,SUM('Cálculos Auxiliares'!J36,'Cálculos Auxiliares'!T68),"")
C37: Cujo o Imposto é total/ excluido do direito à dedução | E37: Gasolina | I37: L26 | J37: =IF('Cálculos Auxiliares'!J44>0,'Cálculos Auxiliares'!J44,"")
E38: Viat. Turismo - Aquisição | I38: L27 | K38: L33 | L38: =IF(SUM('Cálculos Auxiliares'!J45:J46)>0,SUM('Cálculos Auxiliares'!J45:J46),"")
E39: Viat. Turismo - Locação | G39: L70 | H39: =IF('Cálculos Auxiliares'!J78>0,'Cálculos Auxiliares'!J78,"") | I39: L74 | J39: =+IF('Cálculos Auxiliares'!J77>0,'Cálculos Auxiliares'!J77,"")
E40: Outros | I40: L28 | J40: =IF(SUM('Cálculos Auxiliares'!J40:J43,'Cálculos Auxiliares'!J47:J51)>0,SUM('Cálculos Auxiliares'!J40:J43,'Cálculos Auxiliares'!J47:J51),"") | K40: L34 | L40: =IF('Cálculos Auxiliares'!J56>0,'Cálculos Auxiliares'!J56,"")
B41: Aquisição de bens e serviços isentos | G41: L21 | H41: =IF('Cálculos Auxiliares'!J71>0,'Cálculos Auxiliares'!J71,"") | I41: L29 | J41: =IF(SUM('Cálculos Auxiliares'!J52:J55)>0,SUM('Cálculos Auxiliares'!J52:J55),"")
B42: Aquis. de bens e serviços c/ regime especial de isenção - Art. 53 CIVA | G42: L22 | H42: =IF('Cálculos Auxiliares'!J72>0,'Cálculos Auxiliares'!J72,"") | I42: L30 | J42: =IF('Cálculos Auxiliares'!J73>0,'Cálculos Auxiliares'!J73,"")
B43: Aquisições isentas nos termos do nº 31 do art. 9º do CIVA (Imóveis) | G43: L71 | H43: =IF('Cálculos Auxiliares'!J58>0,'Cálculos Auxiliares'!J58,"") | K43: L35 | L43: =IF('Cálculos Auxiliares'!J57>0,'Cálculos Auxiliares'!J57,"")
B44: Aquisições de bens e serviços em que houve inversão do sujeito passivo: Bens e Serviços do sector de desperdicios, residuos e sucatas recicláveis | G44: L72 | H44: =IF('Cálculos Auxiliares'!J74>0,'Cálculos Auxiliares'!J74,"") | I44: L75 | J44: =IF('Cálculos Auxiliares'!J75>0,'Cálculos Auxiliares'!J75,"") | K44: L78 | L44: =IF('Cálculos Auxiliares'!J76>0,'Cálculos Auxiliares'!J76,"")
B45: Aquisições de bens e serviços em que houve inversão do sujeito passivo: Serviços de Construção Civil | I45: L76 | J45: =IF(SUM('Cálculos Auxiliares'!Q100,'Cálculos Auxiliares'!S100,'Cálculos Auxiliares'!U100)+SUM('CA - Anexo R'!F54,'CA - Anexo R'!H54,'CA - Anexo R'!J54)>0,SUM('Cálculos Auxiliares'!Q100,'Cálculos Auxiliares'!S100,'Cálculos Auxiliares'!U100)+SUM('CA - Anexo R'!F54,'CA - Anexo R'!H54,'CA - Anexo R'!J54),"") | K45: L79 | L45: =IF(SUM('Cálculos Auxiliares'!F100,'Cálculos Auxiliares'!H100,'Cálculos Auxiliares'!J100)+SUM('CA - Anexo R'!F45,'CA - Anexo R'!H45,'CA - Anexo R'!J45),SUM('Cálculos Auxiliares'!F100,'Cálculos Auxiliares'!H100,'Cálculos Auxiliares'!J100)+SUM('CA - Anexo R'!F45,'CA - Anexo R'!H45,'CA - Anexo R'!J45),"")
B46: TOTAIS | G46: L23 | H46: =IF(SUM(H34:H35,H39,H41:H44)>0,SUM(H34:H35,H39,H41:H44),"") | I46: L31 | J46: =IF(SUM(J34:J42,J44:J45)>0,SUM(J34:J42,J44:J45),"") | K46: L36 | L46: =IF(SUM(L34:L35,L38,L40,L43:L45)>0,SUM(L34:L35,L38,L40,L43:L45),"")
B50: Quadro 05 - Operações com o Exterior
G51: IMOBILIZADO | I51: OUTRAS
B52: De e Para a União Europeia | D52: Transmissões Intracomunitárias de Bens | G52: L37 | H52: =IF(SUM('Cálculos Auxiliares'!J64:J65)>0,SUM('Cálculos Auxiliares'!J64:J65),"") | I52: L41 | J52: =IF(SUM('Cálculos Auxiliares'!J66:J67)>0,SUM('Cálculos Auxiliares'!J66:J67),"")
D53: Aquisições Intracomunitárias | G53: L38 | H53: =IF(SUM('Cálculos Auxiliares'!F109,'Cálculos Auxiliares'!H109,'Cálculos Auxiliares'!J109)>0,SUM('Cálculos Auxiliares'!F109,'Cálculos Auxiliares'!H109,'Cálculos Auxiliares'!J109),"") | I53: L42 | J53: =IF(SUM('Cálculos Auxiliares'!Q109,'Cálculos Auxiliares'!S109,'Cálculos Auxiliares'!U109)>0,SUM('Cálculos Auxiliares'!Q109,'Cálculos Auxiliares'!S109,'Cálculos Auxiliares'!U109),"")
B54: De e Para Paises Terceiros | D54: Importações | G54: L39 | H54: =IF(SUM('Cálculos Auxiliares'!F118,'Cálculos Auxiliares'!H118,'Cálculos Auxiliares'!J118)>0,SUM('Cálculos Auxiliares'!F118,'Cálculos Auxiliares'!H118,'Cálculos Auxiliares'!J118),"") | I54: L43 | J54: =IF(SUM('Cálculos Auxiliares'!Q118,'Cálculos Auxiliares'!S118,'Cálculos Auxiliares'!U118)>0,SUM('Cálculos Auxiliares'!Q118,'Cálculos Auxiliares'!S118,'Cálculos Auxiliares'!U118),"")
D55: Exportações | G55: L40 | H55: =IF(SUM('Cálculos Auxiliares'!F68:G69)>0,SUM('Cálculos Auxiliares'!F68:G69),"") | I55: L44 | J55: =IF('Cálculos Auxiliares'!J70>0,'Cálculos Auxiliares'!J70,"")
B58: Quadro 06 - Desenvolvimento do Imposto Dedutivel por Taxas ( SÓ IMPOSTO)
E59: EXISTÊNCIAS | G59: IMOBILIZADO | I59: OUTROS BENS SERV. | K59: TOTAIS
B60: Á Taxa Reduzida | E60: L45 | F60: =IF(SUM('Cálculos Auxiliares'!E12)+SUM('Cálculos Auxiliares'!O20)+SUM('CA - Anexo R'!E12)+SUM('CA - Anexo R'!O20)+SUM('Cálculos Auxiliares'!P109)+SUM('Cálculos Auxiliares'!P118)>0,SUM('Cálculos Auxiliares'!E12)+SUM('Cálculos Auxiliares'!O20)+SUM('CA - Anexo R'!E12)+SUM('CA - Anexo R'!O20)+SUM('Cálculos Auxiliares'!P109)+SUM('Cálculos Auxiliares'!P118),"") | G60: L48 | H60: =IF(SUM('Cálculos Auxiliares'!E21)+SUM('Cálculos Auxiliares'!O38)+SUM('CA - Anexo R'!E21)+SUM('CA - Anexo R'!O38)+SUM('Cálculos Auxiliares'!E100)+SUM('CA - Anexo R'!E45)+SUM('Cálculos Auxiliares'!E109)+SUM('Cálculos Auxiliares'!E118)>0,SUM('Cálculos Auxiliares'!E21)+SUM('Cálculos Auxiliares'!O38)+SUM('CA - Anexo R'!E21)+SUM('CA - Anexo R'!O38)+SUM('Cálculos Auxiliares'!E100)+SUM('CA - Anexo R'!E45)+SUM('Cálculos Auxiliares'!E109)+SUM('Cálculos Auxiliares'!E118),"") | I60: L51 | J60: =IF(SUM('Cálculos Auxiliares'!E30)+SUM('Cálculos Auxiliares'!O54)+SUM('CA - Anexo R'!E30)+SUM('CA - Anexo R'!O54)+SUM('Cálculos Auxiliares'!P100)+SUM('CA - Anexo R'!E54)+SUM('Cálculos Auxiliares'!P100)+SUM('CA - Anexo R'!E54)>0,SUM('Cálculos Auxiliares'!E30)+SUM('Cálculos Auxiliares'!O54)+SUM('CA - Anexo R'!E30)+SUM('CA - Anexo R'!O54)+SUM('Cálculos Auxiliares'!P100)+SUM('CA - Anexo R'!E54),"") | K60: L54 | L60: =IF(SUM(F60,H60,J60,)>0,SUM(F60,H60,J60),"")
B61: Á Taxa Intermédia | E61: L46 | F61: =IF(SUM('Cálculos Auxiliares'!G12)+SUM('Cálculos Auxiliares'!Q20)+SUM('CA - Anexo R'!G12)+SUM('CA - Anexo R'!Q20)+SUM('Cálculos Auxiliares'!R109)+SUM('Cálculos Auxiliares'!R118)>0,SUM('Cálculos Auxiliares'!G12)+SUM('Cálculos Auxiliares'!Q20)+SUM('CA - Anexo R'!G12)+SUM('CA - Anexo R'!Q20)+SUM('Cálculos Auxiliares'!R109)+SUM('Cálculos Auxiliares'!R118),"") | G61: L49 | H61: =IF(SUM('Cálculos Auxiliares'!G21)+SUM('Cálculos Auxiliares'!Q38)+SUM('CA - Anexo R'!G21)+SUM('CA - Anexo R'!Q38)+SUM('Cálculos Auxiliares'!G100)+SUM('CA - Anexo R'!G45)+SUM('Cálculos Auxiliares'!G109)+SUM('Cálculos Auxiliares'!G118)>0,SUM('Cálculos Auxiliares'!G21)+SUM('Cálculos Auxiliares'!Q38)+SUM('CA - Anexo R'!G21)+SUM('CA - Anexo R'!Q38)+SUM('Cálculos Auxiliares'!G100)+SUM('CA - Anexo R'!G45)+SUM('Cálculos Auxiliares'!G109)+SUM('Cálculos Auxiliares'!G118),"") | I61: L52 | J61: =IF(SUM('Cálculos Auxiliares'!G30)+SUM('Cálculos Auxiliares'!Q54)+SUM('CA - Anexo R'!G30)+SUM('CA - Anexo R'!Q54)+SUM('Cálculos Auxiliares'!R100)+SUM('CA - Anexo R'!G54)>0,SUM('Cálculos Auxiliares'!G30)+SUM('Cálculos Auxiliares'!Q54)+SUM('CA - Anexo R'!G30)+SUM('CA - Anexo R'!Q54)+SUM('Cálculos Auxiliares'!R100)+SUM('CA - Anexo R'!G54),"") | K61: L55 | L61: =IF(SUM(F61,H61,J61,)>0,SUM(F61,H61,J61),"")
B62: Á Taxa Normal | E62: L47 | F62: =IF(SUM('Cálculos Auxiliares'!I12)+SUM('Cálculos Auxiliares'!S20)+SUM('CA - Anexo R'!I12)+SUM('CA - Anexo R'!S20)+SUM('Cálculos Auxiliares'!T109)+SUM('Cálculos Auxiliares'!T118)>0,SUM('Cálculos Auxiliares'!I12)+SUM('Cálculos Auxiliares'!S20)+SUM('CA - Anexo R'!I12)+SUM('CA - Anexo R'!S20)+SUM('Cálculos Auxiliares'!T109)+SUM('Cálculos Auxiliares'!T118),"") | G62: L50 | H62: =IF(SUM('Cálculos Auxiliares'!I21)+SUM('Cálculos Auxiliares'!S38)+SUM('CA - Anexo R'!I21)+SUM('CA - Anexo R'!S38)+SUM('Cálculos Auxiliares'!I100)+SUM('CA - Anexo R'!I45)+SUM('Cálculos Auxiliares'!I109)+SUM('Cálculos Auxiliares'!I118)>0,SUM('Cálculos Auxiliares'!I21)+SUM('Cálculos Auxiliares'!S38)+SUM('CA - Anexo R'!I21)+SUM('CA - Anexo R'!S38)+SUM('Cálculos Auxiliares'!I100)+SUM('CA - Anexo R'!I45)+SUM('Cálculos Auxiliares'!I109)+SUM('Cálculos Auxiliares'!I118),"") | I62: L53 | J62: =IF(SUM('Cálculos Auxiliares'!I30)+SUM('Cálculos Auxiliares'!I36)+SUM('Cálculos Auxiliares'!S54)+SUM('Cálculos Auxiliares'!S68)+SUM('CA - Anexo R'!I30,'CA - Anexo R'!I36)+SUM('CA - Anexo R'!S54,'CA - Anexo R'!S68)+SUM('Cálculos Auxiliares'!T100)+SUM('CA - Anexo R'!I54)>0,SUM('Cálculos Auxiliares'!I30)+SUM('Cálculos Auxiliares'!I36)+SUM('Cálculos Auxiliares'!S54)+SUM('Cálculos Auxiliares'!S68)+SUM('CA - Anexo R'!S54,'CA - Anexo R'!S68)+SUM('CA - Anexo R'!I30,'CA - Anexo R'!I36)+SUM('Cálculos Auxiliares'!T100)+SUM('CA - Anexo R'!I54),"") | K62: L56 | L62: =IF(SUM(F62,H62,J62,)>0,SUM(F62,H62,J62),"")
B63: Totais das Declarações de IVA (Trimestral ou Mensal) | F63: =IF(SUM('Declarações IVA - Trimestral'!G23)+SUM('Declarações IVA - Trimestral'!G24)+SUM('Declarações IVA - Trimestral'!G25)+SUM('Declarações IVA - Mensal'!O22)+SUM('Declarações IVA - Mensal'!O23)+SUM('Declarações IVA - Mensal'!O24)+SUM('Declarações IVA - Trimestral'!N23,'Declarações IVA - Trimestral'!N24,'Declarações IVA - Trimestral'!N25)+SUM('Declarações IVA - Mensal'!O61,'Declarações IVA - Mensal'!O62,'Declarações IVA - Mensal'!O63)>0,SUM('Declarações IVA - Trimestral'!G23)+SUM('Declarações IVA - Trimestral'!G24)+SUM('Declarações IVA - Trimestral'!G25)+SUM('Declarações IVA - Mensal'!O22)+SUM('Declarações IVA - Mensal'!O23)+SUM('Declarações IVA - Mensal'!O24)+SUM('Declarações IVA - Trimestral'!N23,'Declarações IVA - Trimestral'!N24,'Declarações IVA - Trimestral'!N25)+SUM('Declarações IVA - Mensal'!O61,'Declarações IVA - Mensal'!O62,'Declarações IVA - Mensal'!O63),"") | H63: =IF(SUM('Declarações IVA - Trimestral'!G22)+SUM('Declarações IVA - Mensal'!O21)+SUM('Declarações IVA - Trimestral'!N22)+SUM('Declarações IVA - Mensal'!O60)>0,SUM('Declarações IVA - Trimestral'!G22)+SUM('Declarações IVA - Mensal'!O21)+SUM('Declarações IVA - Trimestral'!N22)+SUM('Declarações IVA - Mensal'!O60),"") | J63: =IF(SUM('Declarações IVA - Trimestral'!G26)+SUM('Declarações IVA - Mensal'!O25)+SUM('Declarações IVA - Trimestral'!N26)+SUM('Declarações IVA - Mensal'!O64)>0,SUM('Declarações IVA - Trimestral'!G26)+SUM('Declarações IVA - Mensal'!O25)+SUM('Declarações IVA - Trimestral'!N26)+SUM('Declarações IVA - Mensal'!O64),"") | L63: =IF(SUM(F63,H63,J63)>0,SUM(F63,H63,J63),"")
B64: Totais das Contas IVA da Contabilidade (Conta 2432) | F64: =IF(SUM(F60:F62)>0,SUM(F60:F62),"") | H64: =IF(SUM(H60:H62)>0,SUM(H60:H62),"") | J64: =IF(SUM(J60:J62)>0,SUM(J60:J62),"") | L64: =IF(SUM(L60:L62)>0,SUM(L60:L62),"")
B65: Diferença entre Declarações de IVA e Contabilidade | F65: =IF(SUM(F63:F64)>0,SUM(F63)-SUM(F64),"") | H65: =IF(SUM(H63:H64)>0,SUM(H63)-SUM(H64),"") | J65: =IF(SUM(J63:J64)>0,SUM(J63)-SUM(J64),"") | L65: =IF(SUM(L63:L64)>0,SUM(L63)-SUM(L64),"")
B70: Quadro 07 - Recebimentos Antecipados
B71: Houve operações desta natureza no ano a que esta declaração respeita? Se SIM, inscreva: | F71: SIM | G71: =IF(SUM(H72:I74)>0,"X","") | H71: NÃO | I71: =IF(SUM(H72:I74)=0,"X","") -> X
B72: Base Tributável que em 31 de Dezembro ainda não tenha sido convertida em Transmissões de Bens ou Prestações de Serviços | G72: L57 | H72: =IF(SUM('Cálculos Auxiliares'!P74:W75)>0,SUM('Cálculos Auxiliares'!P74:Q75)/1.05+SUM('Cálculos Auxiliares'!R74:S75)/1.12+SUM('Cálculos Auxiliares'!T74:U75)/1.2+SUM('Cálculos Auxiliares'!V74:W75)/1.21,"")
B73: Montante do Imposto Liquidado sobre a base referida no campo L57 | G73: L58 | H73: =+IF(SUM('Cálculos Auxiliares'!P74:W75)>0,SUM('Cálculos Auxiliares'!P74:W75)-SUM('Anexo L - IES'!H72:I72),"")
B74: Valor dos rendimentos antecipados com liquidação de imposto que ocorreram em anos anteriores e cuja a facturação definitiva ocorreu no ano a que respeita a declaração | G74: L59 | H74: =IF(SUM('Cálculos Auxiliares'!P78:W79)>0,SUM('Cálculos Auxiliares'!P78:W79),"")

Sheet Declarações IVA - Mensal
B2: Nome da Empresa:
B3: Exercicio: | E3: Tipo de Declarações: | H3: Mensais
B5: Nota Importante: | D5: Preencher somente o cabeçalho e as células em branco e vazias do quadro abaixo.
B7: Declarações Periódicas de IVA Mensal do Exercicio em análise
C8: Janeiro | D8: Fevereiro | E8: Março | F8: Abril | G8: Maio | H8: Junho | I8: Julho | J8: Agosto | K8: Setembro | L8: Outubro | M8: Novembro | N8: Dezembro | O8: TOTAIS
B9: Campo 1 | O9: =IF(SUM(C9:N9)>0,SUM(C9:N9),"")
B10: Campo 2 | O10: =IF(SUM(C10:N10)>0,SUM(C10:N10),"")
B11: Campo 3 | O11: =IF(SUM(C11:N11)>0,SUM(C11:N11),"")
B12: Campo 4 | O12: =IF(SUM(C12:N12)>0,SUM(C12:N12),"")
B13: Campo 5 | O13: =IF(SUM(C13:N13)>0,SUM(C13:N13),"")
B14: Campo 6 | O14: =IF(SUM(C14:N14)>0,SUM(C14:N14),"")
B15: Campo 8 | O15: =IF(SUM(C15:N15)>0,SUM(C15:N15),"")
B16: Campo 8 (Inversão C. Civil) | O16: =IF(SUM(C16:N16)>0,SUM(C16:N16),"")
B17: Campo 8 (Inversão Sucatas) | O17: =IF(SUM(C17:N17)>0,SUM(C17:N17),"")
B18: Campo 9 | O18: =IF(SUM(C18:N18)>0,SUM(C18:N18),"")
B19: Campo 10 | O19: =IF(SUM(C19:N19)>0,SUM(C19:N19),"")
B20: Campo 11 | O20: =IF(SUM(C20:N20)>0,SUM(C20:N20),"")
... B29: Campo 81 | O29: =IF(SUM(C29:N29)>0,SUM(C29:N29),"")
B30: Campo 65 | C30: =IF(SUM(C66)>0,SUM(C66),"") | D30: =IF(SUM(D66)>0,SUM(D66),"") | E30: =IF(SUM(E66)>0,SUM(E66),"") | F30: =IF(SUM(F66)>0,SUM(F66),"") | G30: =IF(SUM(G66)>0,SUM(G66),"") | H30: =IF(SUM(H66)>0,SUM(H66),"") | I30: =IF(SUM(I66)>0,SUM(I66),"") | J30: =IF(SUM(J66)>0,SUM(J66),"") | ... N30: =IF(SUM(N66)>0,SUM(N66),"") | O30: =IF(SUM(C30:N30)>0,SUM(C30:N30),"")
B31: Campo 66 | C31: =IF(SUM(C67)>0,SUM(C67),"") | D31: =IF(SUM(D67)>0,SUM(D67),"") | E31: =IF(SUM(E67)>0,SUM(E67),"") | F31: =IF(SUM(F67)>0,SUM(F67),"") | G31: =IF(SUM(G67)>0,SUM(G67),"") | H31: =IF(SUM(H67)>0,SUM(H67),"") | I31: =IF(SUM(I67)>0,SUM(I67),"") | J31: =IF(SUM(J67)>0,SUM(J67),"") | ... N31: =IF(SUM(N67)>0,SUM(N67),"") | O31: =IF(SUM(C31:N31)>0,SUM(C31:N31),"")
B32: Campo 67 | G32: =IF(SUM(C32:F32)>0,SUM(C32:F32),"") | O32: =IF(SUM(C32:N32)>0,SUM(C32:N32),"")
B33: Campo 68 | G33: =IF(SUM(C33:F33)>0,SUM(C33:F33),"") | O33: =IF(SUM(C33:N33)>0,SUM(C33:N33),"")
B34: Campo 90 | C34: =IF(SUM(C9,C11,C13,C15:C19)>0,SUM(C9,C11,C13,C15:C19),"") | D34: =IF(SUM(D9,D11,D13,D15:D19)>0,SUM(D9,D11,D13,D15:D19),"") | E34: =IF(SUM(E9,E11,E13,E15:E19)>0,SUM(E9,E11,E13,E15:E19),"") | F34: =IF(SUM(F9,F11,F13,F15:F19)>0,SUM(F9,F11,F13,F15:F19),"") | G34: =IF(SUM(G9,G11,G13,G15:G19)>0,SUM(G9,G11,G13,G15:G19),"") | H34: =IF(SUM(H9,H11,H13,H15:H19)>0,SUM(H9,H11,H13,H15:H19),"") | I34: =IF(SUM(I9,I11,I13,I15:I19)>0,SUM(I9,I11,I13,I15:I19),"") | J34: =IF(SUM(J9,J11,J13,J15:J19)>0,SUM(J9,J11,J13,J15:J19),"") | ... N34: =IF(SUM(N9,N11,N13,N15:N19)>0,SUM(N9,N11,N13,N15:N19),"") | O34: =IF(SUM(C34:N34)>0,SUM(C34:N34),"")
B35: Campo 91 | C35: =IF(SUM(C21,C22,C23,C24,C25,C26,C28,C29)>0,SUM(C21,C22,C23,C24,C25,C26,C28,C29),"") | D35: =IF(SUM(D21,D22,D23,D24,D25,D26,D28,D29)>0,SUM(D21,D22,D23,D24,D25,D26,D28,D29),"") | E35: =IF(SUM(E21,E22,E23,E24,E25,E26,E28,E29)>0,SUM(E21,E22,E23,E24,E25,E26,E28,E29),"") | F35: =IF(SUM(F21,F22,F23,F24,F25,F26,F28,F29)>0,SUM(F21,F22,F23,F24,F25,F26,F28,F29),"") | G35: =IF(SUM(G21,G22,G23,G24,G25,G26,G28,G29)>0,SUM(G21,G22,G23,G24,G25,G26,G28,G29),"") | H35: =IF(SUM(H21,H22,H23,H24,H25,H26,H28,H29)>0,SUM(H21,H22,H23,H24,H25,H26,H28,H29),"") | I35: =IF(SUM(I21,I22,I23,I24,I25,I26,I28,I29)>0,SUM(I21,I22,I23,I24,I25,I26,I28,I29),"") | J35: =IF(SUM(J21,J22,J23,J24,J25,J26,J28,J29)>0,SUM(J21,J22,J23,J24,J25,J26,J28,J29),"") | ... N35: =IF(SUM(N21,N22,N23,N24,N25,N26,N28,N29)>0,SUM(N21,N22,N23,N24,N25,N26,N28,N29),"") | O35: =IF(SUM(C35:N35)>0,SUM(C35:N35),"")
B36: Campo 92 | C36: =IF(SUM(C10,C12,C14,C20,C27,C31,C33)>0,SUM(C10,C12,C14,C20,C27,C31,C33),"") | D36: =IF(SUM(D10,D12,D14,D20,D27,D31,D33)>0,SUM(D10,D12,D14,D20,D27,D31,D33),"") | E36: =IF(SUM(E10,E12,E14,E20,E27,E31,E33)>0,SUM(E10,E12,E14,E20,E27,E31,E33),"") | F36: =IF(SUM(F10,F12,F14,F20,F27,F31,F33)>0,SUM(F10,F12,F14,F20,F27,F31,F33),"") | G36: =IF(SUM(G10,G12,G14,G20,G27,G31,G33)>0,SUM(G10,G12,G14,G20,G27,G31,G33),"") | H36: =IF(SUM(H10,H12,H14,H20,H27,H31,H33)>0,SUM(H10,H12,H14,H20,H27,H31,H33),"") | I36: =IF(SUM(I10,I12,I14,I20,I27,I31,I33)>0,SUM(I10,I12,I14,I20,I27,I31,I33),"") | J36: =IF(SUM(J10,J12,J14,J20,J27,J31,J33)>0,SUM(J10,J12,J14,J20,J27,J31,J33),"") | ... N36: =IF(SUM(N10,N12,N14,N20,N27,N31,N33)>0,SUM(N10,N12,N14,N20,N27,N31,N33),"") | O36: =IF(SUM(C36:N36)>0,SUM(C36:N36),"")
B37: Campo 93 | C37: =IF(SUM(C36)-SUM(C35)>0,SUM(C36)-SUM(C35),"") | D37: =IF(SUM(D36)-SUM(D35)>0,SUM(D36)-SUM(D35),"") | E37: =IF(SUM(E36)-SUM(E35)>0,SUM(E36)-SUM(E35),"") | F37: =IF(SUM(F36)-SUM(F35)>0,SUM(F36)-SUM(F35),"") | G37: =IF(SUM(G36)-SUM(G35)>0,SUM(G36)-SUM(G35),"") | H37: =IF(SUM(H36)-SUM(H35)>0,SUM(H36)-SUM(H35),"") | I37: =IF(SUM(I36)-SUM(I35)>0,SUM(I36)-SUM(I35),"") | J37: =IF(SUM(J36)-SUM(J35)>0,SUM(J36)-SUM(J35),"") | ... N37: =IF(SUM(N36)-SUM(N35)>0,SUM(N36)-SUM(N35),"") | O37: =IF(SUM(C37:N37)>0,SUM(C37:N37),"")
B38: Campo 94 | C38: =IF(SUM(C35)-SUM(C36)>0,SUM(C35)-SUM(C36),"") | D38: =IF(SUM(D35)-SUM(D36)>0,SUM(D35)-SUM(D36),"") | E38: =IF(SUM(E35)-SUM(E36)>0,SUM(E35)-SUM(E36),"") | F38: =IF(SUM(F35)-SUM(F36)>0,SUM(F35)-SUM(F36),"") | G38: =IF(SUM(G35)-SUM(G36)>0,SUM(G35)-SUM(G36),"") | H38: =IF(SUM(H35)-SUM(H36)>0,SUM(H35)-SUM(H36),"") | I38: =IF(SUM(I35)-SUM(I36)>0,SUM(I35)-SUM(I36),"") | J38: =IF(SUM(J35)-SUM(J36)>0,SUM(J35)-SUM(J36),"") | ... N38: =IF(SUM(N35)-SUM(N36)>0,SUM(N35)-SUM(N36),"") | O38: =IF(SUM(C38:N38)>0,SUM(C38:N38),"")
B41: Nome da Empresa:
B42: Exercicio: | E42: Tipo de Declarações: | H42: Mensais
B44: Nota Importante: | D44: Preencher somente o cabeçalho e as células em branco e vazias do quadro abaixo.
B46: Anexo R às Declarações Periódicas de IVA Mensal do Exercicio em análise
C47: Janeiro | D47: Fevereiro | E47: Março | F47: Abril | G47: Maio | H47: Junho | I47: Julho | J47: Agosto | K47: Setembro | L47: Outubro | M47: Novembro | N47: Dezembro | O47: TOTAIS
B48: Campo 1 | O48: =IF(SUM(C48:N48)>0,SUM(C48:N48),"")
B49: Campo 2 | O49: =IF(SUM(C49:N49)>0,SUM(C49:N49),"")
B50: Campo 3 | O50: =IF(SUM(C50:N50)>0,SUM(C50:N50),"")
B51: Campo 4 | O51: =IF(SUM(C51:N51)>0,SUM(C51:N51),"")
B52: Campo 5 | O52: =IF(SUM(C52:N52)>0,SUM(C52:N52),"")
B53: Campo 6 | O53: =IF(SUM(C53:N53)>0,SUM(C53:N53),"")
B54: Campo 8 | O54: =IF(SUM(C54:N54)>0,SUM(C54:N54),"")
B55: Campo 8 (Inversão C. Civil) | O55: =IF(SUM(C55:N55)>0,SUM(C55:N55),"")
B56: Campo 8 (Inversão Sucatas) | O56: =IF(SUM(C56:N56)>0,SUM(C56:N56),"")
B57: Campo 9 | O57: =IF(SUM(C57:N57)>0,SUM(C57:N57),"")
B58: Campo 10 | O58: =IF(SUM(C58:N58)>0,SUM(C58:N58),"")
B59: Campo 11 | O59: =IF(SUM(C59:N59)>0,SUM(C59:N59),"")
... B64: Campo 24 | O64: =IF(SUM(C64:N64)>0,SUM(C64:N64),"")
B65: Campo 62 | C65: =IF(SUM(C48,C50,C52,C54:C58)>0,SUM(C48,C50,C52,C54:C58),"") | D65: =IF(SUM(D48,D50,D52,D54:D58)>0,SUM(D48,D50,D52,D54:D58),"") | E65: =IF(SUM(E48,E50,E52,E54:E58)>0,SUM(E48,E50,E52,E54:E58),"") | F65: =IF(SUM(F48,F50,F52,F54:F58)>0,SUM(F48,F50,F52,F54:F58),"") | G65: =IF(SUM(G48,G50,G52,G54:G58)>0,SUM(G48,G50,G52,G54:G58),"") | H65: =IF(SUM(H48,H50,H52,H54:H58)>0,SUM(H48,H50,H52,H54:H58),"") | I65: =IF(SUM(I48,I50,I52,I54:I58)>0,SUM(I48,I50,I52,I54:I58),"") | J65: =IF(SUM(J48,J50,J52,J54:J58)>0,SUM(J48,J50,J52,J54:J58),"") | ... N65: =IF(SUM(N48,N50,N52,N54:N58)>0,SUM(N48,N50,N52,N54:N58),"") | O65: =IF(SUM(C65:N65)>0,SUM(C65:N65),"")
B66: Campo 63 | C66: =IF(SUM(C60:C64)>0,SUM(C60:C64),"") | D66: =IF(SUM(D60:D64)>0,SUM(D60:D64),"") | E66: =IF(SUM(E60:E64)>0,SUM(E60:E64),"") | F66: =IF(SUM(F60:F64)>0,SUM(F60:F64),"") | G66: =IF(SUM(G60:G64)>0,SUM(G60:G64),"") | H66: =IF(SUM(H60:H64)>0,SUM(H60:H64),"") | I66: =IF(SUM(I60:I64)>0,SUM(I60:I64),"") | J66: =IF(SUM(J60:J64)>0,SUM(J60:J64),"") | ... N66: =IF(SUM(N60:N64)>0,SUM(N60:N64),"") | O66: =IF(SUM(C66:N66)>0,SUM(C66:N66),"")
B67: Campo 64 | C67: =IF(SUM(C49,C51,C53,C59)>0,SUM(C49,C51,C53,C59),"") | D67: =IF(SUM(D49,D51,D53,D59)>0,SUM(D49,D51,D53,D59),"") | E67: =IF(SUM(E49,E51,E53,E59)>0,SUM(E49,E51,E53,E59),"") | F67: =IF(SUM(F49,F51,F53,F59)>0,SUM(F49,F51,F53,F59),"") | G67: =IF(SUM(G49,G51,G53,G59)>0,SUM(G49,G51,G53,G59),"") | H67: =IF(SUM(H49,H51,H53,H59)>0,SUM(H49,H51,H53,H59),"") | I67: =IF(SUM(I49,I51,I53,I59)>0,SUM(I49,I51,I53,I59),"") | J67: =IF(SUM(J49,J51,J53,J59)>0,SUM(J49,J51,J53,J59),"") | ... N67: =IF(SUM(N49,N51,N53,N59)>0,SUM(N49,N51,N53,N59),"") | O67: =IF(SUM(C67:N67)>0,SUM(C67:N67),"")

Sheet CA - Anexo R
B2: Quadros de Cálculos Auxiliares para o Anexo L da IES | M2: Quadros de Cálculos Auxiliares para o Anexo L da IES
B4: Nota Importante: Preencher somente as células vazias e em branco dos quadros abaixo. Só para IVA dos Açores e Madeira | M4: Nota Importante: Preencher somente as células vazias e em branco dos quadros abaixo. Só para IVA dos Açores e Madeira
B6: EXISTÊNCIAS - Dados para o Quadro 4 e 6 do Anexo L - IVA TRIMESTRAL | M6: EXISTÊNCIAS - Dados para o Quadro 4 e 6 do Anexo L - IVA MENSAL
E7: Taxa 4% | F7: BASE | G7: Taxa 8% | H7: BASE | I7: Taxa 14% e 15% | J7: BASE | O7: Taxa 4% | P7: BASE | Q7: Taxa 8% | R7: BASE | S7: Taxa 14% e 15 % | T7: BASE
B8: Valores do extracto de contrabilidade referentes às subcontas da 24321... - IVA Dedutivel Existências | D8: 1º Trimestre | F8: =IF(E8>0,E8/0.04,"") | H8: =IF(G8>0,G8/0.08,"") | J8: =IF(I8>0,I8/0.15,"") | M8: Valores do extracto de contrabilidade referentes às subcontas da 24321... - IVA Dedutivel Existências | N8: Janeiro | P8: =IF(O8>0,O8/0.04,"") | R8: =IF(Q8>0,Q8/0.08,"") | T8: =IF(S8>0,S8/0.15,"")
D9: 2º Trimestre | F9: =IF(E9>0,E9/0.04,"") | H9: =IF(G9>0,G9/0.08,"") | J9: =IF(I9>0,I9/0.15,"") | N9: Fevereiro | P9: =IF(O9>0,O9/0.04,"") | R9: =IF(Q9>0,Q9/0.08,"") | T9: =IF(S9>0,S9/0.15,"")
D10: 3º Trimestre | F10: =IF(E10>0,E10/0.04,"") | H10: =IF(G10>0,G10/0.08,"") | J10: =IF(I10>0,I10/0.14,"") | N10: Março | P10: =IF(O10>0,O10/0.04,"") | R10: =IF(Q10>0,Q10/0.08,"") | T10: =IF(S10>0,S10/0.15,"")
D11: 4º Trimestre | F11: =IF(E11>0,E11/0.04,"") | H11: =IF(G11>0,G11/0.08,"") | J11: =IF(I11>0,I11/0.14,"") | N11: Abril | P11: =IF(O11>0,O11/0.04,"") | R11: =IF(Q11>0,Q11/0.08,"") | T11: =IF(S11>0,S11/0.15,"")
B12: TOTAIS | E12: =IF(SUM(E8:E11)>0,SUM(E8:E11),"") | F12: =IF(SUM(F8:F11)>0,SUM(F8:F11),"") | G12: =IF(SUM(G8:G11)>0,SUM(G8:G11),"") | H12: =IF(SUM(H8:H11)>0,SUM(H8:H11),"") | I12: =IF(SUM(I8:I11)>0,SUM(I8:I11),"") | J12: =IF(SUM(J8:J11)>0,SUM(J8:J11),"") | N12: Maio | P12: =IF(O12>0,O12/0.04,"") | R12: =IF(Q12>0,Q12/0.08,"") | T12: =IF(S12>0,S12/0.15,"")
N13: Junho | P13: =IF(O13>0,O13/0.04,"") | R13: =IF(Q13>0,Q13/0.08,"") | T13: =IF(S13>0,S13/0.15,"")
N14: Julho | P14: =IF(O14>0,O14/0.04,"") | R14: =IF(Q14>0,Q14/0.08,"") | T14: =IF(S14>0,S14/0.14,"")
B15: IMOBILIZADO - Dados para o Quadro 4 e 6 do Anexo L - IVA TRIMESTRAL | N15: Agosto | P15: =IF(O15>0,O15/0.04,"") | R15: =IF(Q15>0,Q15/0.08,"") | T15: =IF(S15>0,S15/0.14,"")
E16: Taxa 4% | F16: BASE | G16: Taxa 8% | H16: BASE | I16: Taxa 14% e 15% | J16: BASE | N16: Setembro | P16: =IF(O16>0,O16/0.04,"") | R16: =IF(Q16>0,Q16/0.08,"") | T16: =IF(S16>0,S16/0.14,"")
B17: Valores do extracto de contrabilidade referentes às subcontas da 24322... - IVA Dedutivel Imobilizado | D17: 1º Trimestre | F17: =IF(E17>0,E17/0.04,"") | H17: =IF(G17>0,G17/0.08,"") | J17: =IF(I17>0,I17/0.15,"") | N17: Outubro | P17: =IF(O17>0,O17/0.04,"") | R17: =IF(Q17>0,Q17/0.08,"") | T17: =IF(S17>0,S17/0.14,"")
D18: 2º Trimestre | F18: =IF(E18>0,E18/0.04,"") | H18: =IF(G18>0,G18/0.08,"") | J18: =IF(I18>0,I18/0.15,"") | N18: Novembro | P18: =IF(O18>0,O18/0.04,"") | R18: =IF(Q18>0,Q18/0.08,"") | T18: =IF(S18>0,S18/0.14,"")
D19: 3º Trimestre | F19: =IF(E19>0,E19/0.04,"") | H19: =IF(G19>0,G19/0.08,"") | J19: =IF(I19>0,I19/0.14,"") | N19: Dezembro | P19: =IF(O19>0,O19/0.04,"") | R19: =IF(Q19>0,Q19/0.08,"") | T19: =IF(S19>0,S19/0.14,"")
D20: 4º Trimestre | F20: =IF(E20>0,E20/0.04,"") | H20: =IF(G20>0,G20/0.08,"") | J20: =IF(I20>0,I20/0.14,"") | M20: TOTAIS | O20: =IF(SUM(O8:O19)>0,SUM(O8:O19),"") | P20: =IF(SUM(P8:P19)>0,SUM(P8:P19),"") | Q20: =IF(SUM(Q8:Q19)>0,SUM(Q8:Q19),"") | R20: =IF(SUM(R8:R19)>0,SUM(R8:R19),"") | S20: =IF(SUM(S8:S19)>0,SUM(S8:S19),"") | T20: =IF(SUM(T8:T19)>0,SUM(T8:T19),"")
B21: TOTAIS | E21: =IF(SUM(E17:E20)>0,SUM(E17:E20),"") | F21: =IF(SUM(F17:F20)>0,SUM(F17:F20),"") | G21: =IF(SUM(G17:G20)>0,SUM(G17:G20),"") | H21: =IF(SUM(H17:H20)>0,SUM(H17:H20),"") | I21: =IF(SUM(I17:I20)>0,SUM(I17:I20),"") | J21: =IF(SUM(J17:J20)>0,SUM(J17:J20),"")
B24: OUTROS BENS E SERVIÇOS - Dados para o Quadro 4 e 6 do Anexo L - IVA TRIMESTRAL | M24: IMOBILIZADO - Dados para o Quadro 4 e 6 do Anexo L - IVA MENSAL
E25: Taxa 4% | F25: BASE | G25: Taxa 8% | H25: BASE | I25: Taxa 14% e 15% | J25: BASE | O25: Taxa 4% | P25: BASE | Q25: Taxa 8% | R25: BASE | S25: Taxa 14% e 15% | T25: BASE
B26: Valores do extracto de contrabilidade referentes às subcontas da 24323... - IVA Dedutivel OBS | D26: 1º Trimestre | F26: =IF(E26>0,E26/0.04,"") | H26: =IF(G26>0,G26/0.08,"") | J26: =IF(I26>0,I26/0.15,"") | M26: Valores do extracto de contrabilidade referentes às subcontas da 24322... - IVA Dedutivel Imobilizado | N26: Janeiro | P26: =IF(O26>0,O26/0.04,"") | R26: =IF(Q26>0,Q26/0.08,"") | T26: =IF(S26>0,S26/0.15,"")
D27: 2º Trimestre | F27: =IF(E27>0,E27/0.04,"") | H27: =IF(G27>0,G27/0.08,"") | J27: =IF(I27>0,I27/0.15,"") | N27: Fevereiro | P27: =IF(O27>0,O27/0.04,"") | R27: =IF(Q27>0,Q27/0.08,"") | T27: =IF(S27>0,S27/0.15,"")
D28: 3º Trimestre | F28: =IF(E28>0,E28/0.04,"") | H28: =IF(G28>0,G28/0.08,"") | J28: =IF(I28>0,I28/0.14,"") | N28: Março | P28: =IF(O28>0,O28/0.04,"") | R28: =IF(Q28>0,Q28/0.08,"") | T28: =IF(S28>0,S28/0.15,"")
D29: 4º Trimestre | F29: =IF(E29>0,E29/0.04,"") | H29: =IF(G29>0,G29/0.08,"") | J29: =IF(I29>0,I29/0.14,"") | N29: Abril | P29: =IF(O29>0,O29/0.04,"") | R29: =IF(Q29>0,Q29/0.08,"") | T29: =IF(S29>0,S29/0.15,"")
B30: TOTAIS | E30: =IF(SUM(E26:E29)>0,SUM(E26:E29),"") | F30: =IF(SUM(F26:F29)>0,SUM(F26:F29),"") | G30: =IF(SUM(G26:G29)>0,SUM(G26:G29),"") | H30: =IF(SUM(H26:H29)>0,SUM(H26:H29),"") | I30: =IF(SUM(I26:I29)>0,SUM(I26:I29),"") | J30: =IF(SUM(J26:J29)>0,SUM(J26:J29),"") | N30: Maio | P30: =IF(O30>0,O30/0.04,"") | R30: =IF(Q30>0,Q30/0.08,"") | T30: =IF(S30>0,S30/0.15,"")
I31: Taxa 7% e 7,5% | J31: BASE | N31: Junho | P31: =IF(O31>0,O31/0.04,"") | R31: =IF(Q31>0,Q31/0.08,"") | T31: =IF(S31>0,S31/0.15,"")
F32: Valores do extracto de contrabilidade referentes às subcontas da 24323 - Dedução 50% Iva do Gasóleo | H32: 1º Trimestre | J32: =IF(I32>0,I32/0.075,"") | N32: Julho | P32: =IF(O32>0,O32/0.04,"") | R32: =IF(Q32>0,Q32/0.08,"") | T32: =IF(S32>0,S32/0.14,"")
H33: 2º Trimestre | J33: =IF(I33>0,I33/0.075,"") | N33: Agosto | P33: =IF(O33>0,O33/0.04,"") | R33: =IF(Q33>0,Q33/0.08,"") | T33: =IF(S33>0,S33/0.14,"")
H34: 3º Trimestre | J34: =IF(I34>0,I34/0.07,"") | N34: Setembro | P34: =IF(O34>0,O34/0.04,"") | R34: =IF(Q34>0,Q34/0.08,"") | T34: =IF(S34>0,S34/0.14,"")
H35: 4º Trimestre | J35: =IF(I35>0,I35/0.07,"") | N35: Outubro | P35: =IF(O35>0,O35/0.04,"") | R35: =IF(Q35>0,Q35/0.08,"") | T35: =IF(S35>0,S35/0.14,"")
F36: TOTAIS | I36: =IF(SUM(I32:I35)>0,SUM(I32:I35),"") | J36: =IF(SUM(J32:J35)>0,SUM(J32:J35),"") | N36: Novembro | P36: =IF(O36>0,O36/0.04,"") | R36: =IF(Q36>0,Q36/0.08,"") | T36: =IF(S36>0,S36/0.14,"")
N37: Dezembro | P37: =IF(O37>0,O37/0.04,"") | R37: =IF(Q37>0,Q37/0.08,"") | T37: =IF(S37>0,S37/0.14,"")
M38: TOTAIS | O38: =IF(SUM(O26:O37)>0,SUM(O26:O37),"") | P38: =IF(SUM(P26:P37)>0,SUM(P26:P37),"") | Q38: =IF(SUM(Q26:Q37)>0,SUM(Q26:Q37),"") | R38: =IF(SUM(R26:R37)>0,SUM(R26:R37),"") | S38: =IF(SUM(S26:S37)>0,SUM(S26:S37),"") | T38: =IF(SUM(T26:T37)>0,SUM(T26:T37),"")
B39: IVA DEVIDO NO ADQUIRENTE - IMOBILIZADO - Dados para o Quadro 4 e 6 do Anexo L - IVA TRIMESTRAL
E40: Taxa 4% | F40: BASE | G40: Taxa 8% | H40: BASE | I40: Taxa 14% e 15% | J40: BASE | M40: OUTROS BENS E SERVIÇOS - Dados para o Quadro 4 e 6 do Anexo L - IVA MENSAL
B41: Valores do extracto de contrabilidade referentes às subcontas da 24322... - IVA Dedutivel Devido no Adquirente | D41: 1º Trimestre | F41: =IF(E41>0,E41/0.04,"") | H41: =IF(G41>0,G41/0.08,"") | J41: =IF(I41>0,I41/0.15,"") | O41: Taxa 4% | P41: BASE | Q41: Taxa 8% | R41: BASE | S41: Taxa 14% e 15% | T41: BASE
D42: 2º Trimestre | F42: =IF(E42>0,E42/0.04,"") | H42: =IF(G42>0,G42/0.08,"") | J42: =IF(I42>0,I42/0.15,"") | M42: Valores do extracto de contrabilidade referentes às subcontas da 24323... - IVA Dedutivel OBS | N42: Janeiro | P42: =IF(O42>0,O42/0.04,"") | R42: =IF(Q42>0,Q42/0.08,"") | T42: =IF(S42>0,S42/0.15,"")
D43: 3º Trimestre | F43: =IF(E43>0,E43/0.04,"") | H43: =IF(G43>0,G43/0.08,"") | J43: =IF(I43>0,I43/0.14,"") | N43: Fevereiro | P43: =IF(O43>0,O43/0.04,"") | R43: =IF(Q43>0,Q43/0.08,"") | T43: =IF(S43>0,S43/0.15,"")
D44: 4º Trimestre | F44: =IF(E44>0,E44/0.04,"") | H44: =IF(G44>0,G44/0.08,"") | J44: =IF(I44>0,I44/0.14,"") | N44: Março | P44: =IF(O44>0,O44/0.04,"") | R44: =IF(Q44>0,Q44/0.08,"") | T44: =IF(S44>0,S44/0.15,"")
B45: TOTAIS | E45: =IF(SUM(E41:E44)>0,SUM(E41:E44),"") | F45: =IF(SUM(F41:F44)>0,SUM(F41:F44),"") | G45: =IF(SUM(G41:G44)>0,SUM(G41:G44),"") | H45: =IF(SUM(H41:H44)>0,SUM(H41:H44),"") | I45: =IF(SUM(I41:I44)>0,SUM(I41:I44),"") | J45: =IF(SUM(J41:J44)>0,SUM(J41:J44),"") | N45: Abril | P45: =IF(O45>0,O45/0.04,"") | R45: =IF(Q45>0,Q45/0.08,"") | T45: =IF(S45>0,S45/0.15,"")
N46: Maio | P46: =IF(O46>0,O46/0.04,"") | R46: =IF(Q46>0,Q46/0.08,"") | T46: =IF(S46>0,S46/0.15,"")
N47: Junho | P47: =IF(O47>0,O47/0.04,"") | R47: =IF(Q47>0,Q47/0.08,"") | T47: =IF(S47>0,S47/0.15,"")
B48: IVA DEVIDO NO ADQUIRENTE - OBS - Dados para o Quadro 4 e 6 do Anexo L - IVA TRIMESTRAL | N48: Julho | P48: =IF(O48>0,O48/0.04,"") | R48: =IF(Q48>0,Q48/0.08,"") | T48: =IF(S48>0,S48/0.14,"")
E49: Taxa 4% | F49: BASE | G49: Taxa 8% | H49: BASE | I49: Taxa 14% e 15% | J49: BASE | N49: Agosto | P49: =IF(O49>0,O49/0.04,"") | R49: =IF(Q49>0,Q49/0.08,"") | T49: =IF(S49>0,S49/0.14,"")
B50: Valores do extracto de contrabilidade referentes às subcontas da 24323... - IVA Dedutivel Devido no Adquirente | D50: 1º Trimestre | F50: =IF(E50>0,E50/0.04,"") | H50: =IF(G50>0,G50/0.08,"") | J50: =IF(I50>0,I50/0.15,"") | N50: Setembro | P50: =IF(O50>0,O50/0.04,"") | R50: =IF(Q50>0,Q50/0.08,"") | T50: =IF(S50>0,S50/0.14,"")
D51: 2º Trimestre | F51: =IF(E51>0,E51/0.04,"") | H51: =IF(G51>0,G51/0.08,"") | J51: =IF(I51>0,I51/0.15,"") | N51: Outubro | P51: =IF(O51>0,O51/0.04,"") | R51: =IF(Q51>0,Q51/0.08,"") | T51: =IF(S51>0,S51/0.14,"")
D52: 3º Trimestre | F52: =IF(E52>0,E52/0.04,"") | H52: =IF(G52>0,G52/0.08,"") | J52: =IF(I52>0,I52/0.14,"") | N52: Novembro | P52: =IF(O52>0,O52/0.04,"") | R52: =IF(Q52>0,Q52/0.08,"") | T52: =IF(S52>0,S52/0.14,"")
D53: 4º Trimestre | F53: =IF(E53>0,E53/0.04,"") | H53: =IF(G53>0,G53/0.08,"") | J53: =IF(I53>0,I53/0.14,"") | N53: Dezembro | P53: =IF(O53>0,O53/0.04,"") | R53: =IF(Q53>0,Q53/0.08,"") | T53: =IF(S53>0,S53/0.14,"")
B54: TOTAIS | E54: =IF(SUM(E50:E53)>0,SUM(E50:E53),"") | F54: =IF(SUM(F50:F53)>0,SUM(F50:F53),"") | G54: =IF(SUM(G50:G53)>0,SUM(G50:G53),"") | H54: =IF(SUM(H50:H53)>0,SUM(H50:H53),"") | I54: =IF(SUM(I50:I53)>0,SUM(I50:I53),"") | J54: =IF(SUM(J50:J53)>0,SUM(J50:J53),"") | M54: TOTAIS | O54: =IF(SUM(O42:O53)>0,SUM(O42:O53),"") | P54: =IF(SUM(P42:P53)>0,SUM(P42:P53),"") | Q54: =IF(SUM(Q42:Q53)>0,SUM(Q42:Q53),"") | R54: =IF(SUM(R42:R53)>0,SUM(R42:R53),"") | S54: =IF(SUM(S42:S53)>0,SUM(S42:S53),"") | T54: =IF(SUM(T42:T53)>0,SUM(T42:T53),"")
S55: Taxa 7% e 7,5% | T55: BASE
P56: Valores do extracto de contrabilidade referentes às subcontas da 24323 - Dedução 50% Iva do Gasóleo | R56: Janeiro | T56: =IF(S56>0,S56/0.075,"")
R57: Fevereiro | T57: =IF(S57>0,S57/0.075,"")
R58: Março | T58: =IF(S58>0,S58/0.075,"")
R59: Abril | T59: =IF(S59>0,S59/0.075,"")
R60: Maio | T60: =IF(S60>0,S60/0.075,"")
R61: Junho | T61: =IF(S61>0,S61/0.075,"")
R62: Julho | T62: =IF(S62>0,S62/0.07,"")
R63: Agosto | T63: =IF(S63>0,S63/0.07,"")
R64: Setembro | T64: =IF(S64>0,S64/0.07,"")
R65: Outubro | T65: =IF(S65>0,S65/0.07,"")
R66: Novembro | T66: =IF(S66>0,S66/0.07,"")
R67: Dezembro | T67: =IF(S67>0,S67/0.07,"")
P68: TOTAIS | S68: =IF(SUM(S56:S67)>0,SUM(S56:S67),"") | T68: =IF(SUM(T56:T67)>0,SUM(T56:T67),"")
